 Dungeon Crawl Stone Soup version 0.31-a0-675-g238779eb0a (webtiles) character file.

Game seed: 6382569379008741472

289338 qw the Crack Shot (level 20, 0/145 HPs)
             Began as a Gargoyle Hunter on Sept 5, 2023.
             Was a High Priest of Okawaru.
             Slain by a salamander
             ... wielding a +0 halberd
              (7 damage)
             ... on level 2 of the Abyss.
             The game lasted 00:20:36 (35726 turns).

qw the Crack Shot (Gargoyle Hunter)                Turns: 35726, Time: 00:20:37

Health: 0/145      AC: 29    Str: 18      XL:     20   Next: 71%
Magic:  36/36      EV: 29    Int: 13 (16) God:    Okawaru [*****.]
Gold:   1084       SH:  5    Dex: 28      Spells: 19/19 levels left

rFire   + . .        n - +9 triple crossbow of Guilt {drain, +Blink}
rCold   x . .        (shield currently unavailable)
rNeg    + . .        g - +1 robe of Vines {NoPotionHeal Regen++++}
rPois   inf          l - +2 hat
rElec   +            w - +0 cloak "Pemom" {Fly rPois rF+ MP+9}
rCorr   .            B - +2 pair of gloves {Dex+3}
SInv    +            k - +2 pair of boots
Will    +....        d - amulet of reflection
Stlth   ++           t - ring of the Chimera {rC- Dex+6 Slay+5}
HPRegen 3.64/turn    C - ring of Ycwaczamp {Dex+2 SInv}
MPRegen 0.25/turn

%: reflection
@: about to teleport, flying, wreathed by umbra
A: sickness immunity, AC +15, big wings, negative energy resistance 1,
electricity resistance, torment resistance 1, petrification resistance, talons
1, clever 1, deterioration 1, strong 1
}: 2/15 runes: serpentine, barnacled
a: Renounce Religion, Evoke Blink, Heroism, Finesse, Duel


You were on level 2 of the Abyss.
You worshipped Okawaru.
Okawaru was extremely pleased with you.
You visited 7 branches of the dungeon, and saw 33 of its levels.
You visited the Abyss 1 time.
You also visited: Gauntlet.

You collected 3808 gold pieces.
You spent 2724 gold pieces at shops.


Innate Abilities, Weirdness & Mutations

You are immune to sickness and miasma.
Your stone body is resilient. (AC +15)
You are immune to poison.
Your large and strong wings let you fly.
You resist negative energy. (rN+)
You are resistant to electric shocks. (rElec)
You are resistant to unholy torment.
You are immune to petrification.
You have sharp toenails.
Your mind is acute. (Int +4, Str/Dex -1)
Your body sometimes deteriorates upon taking damage.
Your muscles are strong. (Str +4, Int/Dex -1)


   Skills:
 + Level 21.9 Fighting
 - Level 22.0 Ranged Weapons
 - Level 9.0 Armour
 - Level 16.0 Dodging
 - Level 1.1 Stealth
 - Level 10.0 Invocations


You had 19 spell levels left.
You didn't know any spells.
Your spell library was empty.

Inventory:

Hand Weapons
 n - the +9 triple crossbow of Guilt (weapon) {drain, +Blink}
   (Okawaru gifted it to you on level 4 of the Lair of Beasts)

   +Blink:    It lets you blink.
Armour
 g - the +1 robe of Vines (worn) {NoPotionHeal Regen++++}
   (You found it on level 2 of the Lair of Beasts)

   NoPotionHeal: Its wearer cannot be healed by potions.
   Regen++++: It increases your rate of health regeneration.
 k - a +2 pair of boots (worn)
 l - a +2 hat (worn)
 p - the +1 cloak of Nice Intercession {rElec rC- rN++ Int+2}
   (Okawaru gifted it to you on level 12 of the Dungeon)

   Int+2:     It affects your intelligence (+2).
   rC-:       It makes you vulnerable to cold.
   rElec:     It insulates you from electricity.
   rN++:      It greatly protects you from negative energy.
 w - the +0 cloak "Pemom" (worn) {Fly rPois rF+ MP+9}
   (You found it in a Gauntlet)

   rF+:       It protects you from fire.
   rPois:     It protects you from poison MP+9: It affects your magic capacity
   (+9).
   Fly:       It grants you flight.
 B - a +2 pair of gloves of dexterity (worn)
Jewellery
 d - an amulet of reflection (around neck)
 t - the ring of the Chimera (left hand) {rC- Dex+6 Slay+5}
   (You took it off a merfolk impaler on level 4 of the Shoals)

   [ring of dexterity]

   Dex+6:     It affects your dexterity (+6).
   Slay+5:    It affects your accuracy & damage with ranged weapons and melee
   (+5).
   rC-:       It makes you vulnerable to cold.
 y - the ring of Kicilav {rF+ Int+6}
   (You took it off an ogre mage on level 12 of the Dungeon)

   [ring of intelligence]

   Int+6:     It affects your intelligence (+6).
   rF+:       It protects you from fire.
 C - the ring of Ycwaczamp (right hand) {Dex+2 SInv}
   (You bought it in a shop on level 1 of the Snake Pit)

   [ring of see invisible]

   Dex+2:     It affects your dexterity (+2).
   SInv:      It lets you see invisible.
 Y - the ring "Qumoth" {rPois AC+4 Dex+2}
   (You found it on level 3 of the Shoals)

   [ring of protection]

   AC+4:      It affects your AC (+4).
   Dex+2:     It affects your dexterity (+2).
   rPois:     It protects you from poison
Wands
 s - a wand of digging (7)
Scrolls
 a - 11 scrolls of identify
 c - 11 scrolls of teleportation
 q - a scroll of enchant armour
 r - 3 scrolls of enchant weapon
 A - 2 scrolls of brand weapon
Potions
 b - 2 potions of mutation
 e - 14 potions of heal wounds
 f - 4 potions of magic
 h - 2 potions of cancellation
 i - 5 potions of haste
 j - 10 potions of curing
 m - 2 potions of might
 o - 3 potions of enlightenment
 z - 2 potions of resistance

Dungeon Overview and Level Annotations

Branches:
Dungeon (15/15)            Temple (1/1) D:6            Lair (5/5) D:10
 Shoals (4/4) Lair:3        Snake (4/4) Lair:2        Slime (0/5) Lair:5
    Orc (2/2) D:10            Elf (0/3) Orc:2        Vaults (2/5) D:14
  Crypt (0/3) Vaults:2     Depths (0/4) D:15        Gauntlet (visited)

Altars:
Ashenzari
Cheibriados
Dithmenos
Elyvilon
Fedhas
Gozag
Hepliaklqana
Kikubaaqudgha
Makhleb
Nemelex Xobeh
Okawaru
Qazlal
Ru
Sif Muna
Trog
Uskayaw
Vehumet
Wu Jian
Xom
Yredelemnul
Zin
The Shining One

Shops:
D:4 (*   D:5 [   D:6 (   Orc:2 ?(=!   Shoals:1 ==   Shoals:3 :   Snake:1 [=!::=
Snake:2 *=   Vaults:1 [*   Vaults:2 [

Annotations:
D:4 2 transporters
D:7 2 runed translucent doors
D:11 2 runed translucent doors, qw's ghost, journeyman GrHu
D:13 2 runed translucent doors
Lair:4 2 transporters
Lair:5 2 runed translucent doors
Shoals:1 3 runed translucent doors, qw's ghost, adept GrHu
Snake:1 2 transporters, Liforeniyw's ghost, adept MiBe
Snake:4 1 runed translucent door, qw's ghost, adept GrHu


Message History

Enter note:
Enter note:
Enter note:
Enter note:
Enter note:
Enter note:
Enter note:
Enter note:
Enter note:
Enter note:
Enter note:
Enter note:
Enter note:
Enter note:
Enter note:
Enter note:
Enter note:
Enter note:
Enter note:
Enter note:
Enter note:
Enter note:
Enter note:
Enter note:
Enter note:
Enter note:
Enter note:
Enter note:
Enter note:
Enter note:
35726 |||
Found retreat position at -2,-5 (unseen) with 0 blocking monsters and 1 monsters attacking at destination at distance 6
Enter note:
Enter note:
35726 ||| Stepping ~*~*~tactically~*~*~ (retreating).
A naga warrior and a naga come into view.
A naga comes into view. It is wielding a +0 glaive.
A starcursed mass splits.
The black mamba misses you.
The salamander hits you with a +0 halberd!
You are engulfed in flames!
You resist.
You die...

#..# 2~~ .#. .# .#. #~ ~
#.. #. . #... .# ~7~~#..
#.. . ..## . ~.~3~)> ...
....## #~~~~ ~.# ##.#
##.## ##.#####.
##...###...###...###...
.#.N...#.3.X.#.....#..
N..Nx.S@A2X.XXXX...... .
N..#.SN2.#X.XX.#. ...#..
N...S....3Z5X..XX.......
...#.....#34...#.....#..
.. ##...###...###...###
. ##.#####.## ##.# # ..
#...# ...# #... .....#
....# .... ... ....
.....


You could see a profane servitor, 9 starcursed masses, a balrug, 2 naga
warriors, a salamander, 3 sun demons, a guardian serpent (wandering), a
worldbinder, 2 black mambas, a hellion, a chaos spawn, 3 nagas and a spriggan
defender skeleton.

Vanquished Creatures
  Sojobo (Vaults:1)
  Vashnia (Snake:3)
  Nikola (Shoals:1)
  Zenata (Vaults:1)
  Rupert (D:15)
  A lich (Abyss:2)
  2 tentacled starspawn (Abyss:2)
  Asterion (Vaults:1)
  2 krakens (Shoals:1)
  Polyphemus (Shoals:2)
  2 tengu reavers
  9 nagarajas
  Louise (Snake:2)
  An angel (Shoals:4)
  6 vault wardens
  A cacodemon (Abyss:2)
  7 ironbound preservers
  3 war gargoyles (Vaults:2)
  A formless jellyfish (Vaults:2)
  10 ironbound thunderhulks
  An apis (Shoals:4)
  An elemental wellspring (Shoals:1)
  Nessos (D:14)
  A minotaur (Gauntlet)
  4 dire elephants
  A crystal guardian (Vaults:2)
  9 merfolk impalers
  6 merfolk javelineers (Shoals:4)
  A jiangshi (Vaults:2)
  3 yaktaur captains
  Erolcha (Orc:2)
  2 peacekeepers (Vaults:2)
  A hell beast (Gauntlet)
  7 vault guards
  2 great orbs of eyes
  2 salamander tyrants (Snake:4)
  10 centaur warriors
  6 hydras
  15 anacondas
  2 ogre magi
  2 catoblepae
  3 merfolk aquamancers
  4 ironbound frosthearts
  2 merfolk avatars
  A satyr (Shoals:4)
  6 two-headed ogres
  21 death yaks
  A death knight (D:12)
  8 boulder beetles
  2 titan zombies (D:15)
  17 naga warriors
  An alligator snapping turtle (Shoals:4)
  16 naga sharpshooters
  2 tengu warriors
  6 shock serpents
  2 vampire magi (Vaults:2)
  Nergalle (Lair:1)
  6 sun demons
  Lodul (D:13)
  A salamander mystic (Snake:4)
  A sixfirhy (Abyss:2)
  A sun moth (Shoals:3)
  4 cherubim (Shoals:4)
  8 sea snakes
  2 skeletal warriors (D:15)
  A glowing orange brain (Abyss:2)
  A flayed ghost (D:15)
  8 ironbound convokers
  3 wizards
  24 deep trolls
  8 naga ritualists
  16 harpies
  3 lindwurms
  18 ugly things
  10 cyclopes
  7 orc knights
  10 mana vipers
  A necromancer (D:15)
  2 oklob plants
  9 fauns
  A frost giant zombie (D:15)
  9 orc sorcerers (Orc:2)
  10 manticores
  2 salamanders (shapeshifter)
  5 merfolk sirens
  10 salamanders
  3 guardian serpents
  11 elephants
  15 naga magi
  8 vault sentinels
  4 water nymphs
  A black mamba (shapeshifter) (Vaults:2)
  51 black mambas
  10 cane toads
  A smoke demon (Abyss:2)
  A gargoyle (D:11)
  3 molten gargoyles (Lair:5)
  An orange demon (Abyss:2)
  A minotaur zombie (Gauntlet)
  2 rime drakes
  12 komodo dragons
  8 yaktaurs
  An unseen horror zombie (D:8)
  2 freezing wraiths (D:15)
  4 ancient zymes (Abyss:2)
  2 yaktaurs (shapeshifter)
  12 trolls
  3 efreet (D:14)
  15 merfolk
  A meliai (D:14)
  5 wind drakes
  A queen bee (Gauntlet)
  A meliai (shapeshifter) (D:15)
  2 polar bears (Lair:5)
  A hornet (Lair:3)
  10 blink frogs
  8 raiju
  A raiju (shapeshifter) (D:14)
  5 large abominations (Abyss:2)
  9 dream sheep
  6 snapping turtles
  A centaur simulacrum (D:12)
  3 vampires
  2 shadows
  4 water elementals (Shoals:2)
  3 flying skulls (Abyss:2)
  26 slime creatures
  4 wraiths
  A ynoxinul (Abyss:2)
  A spriggan (shapeshifter) (D:14)
  6 wyverns
  An ettin skeleton (D:15)
  33 yaks
  15 humans (D:14)
  6 basilisks
  5 steam dragons
  4 small abominations (Abyss:2)
  11 vampire mosquitoes
  A neqoxec (Abyss:2)
  47 nagas
  4 wargs
  3 acid dragons
  13 water moccasins
  4 black bears
  4 hell hounds (Lair:5)
  A hornet zombie (D:8)
  An ice beast (D:6)
  18 orc warriors
  A sky beast (D:8)
  A tengu (shapeshifter) (D:14)
  4 boggarts
  16 ogres
  6 wolves (Lair:3)
  4 phantoms
  11 centaurs
  3 kobold brigands
  10 bullfrogs
  An earth elemental (Abyss:2)
  2 gnoll sergeants
  3 scorpions
  12 wights
  7 killer bees
  2 howler monkeys
  2 centaur zombies (D:8)
  5 lava snakes (Lair:5)
  A jelly (D:8)
  3 hounds
  13 orc priests
  A gnoll bouda (D:5)
  10 starcursed masses (Abyss:2)
  3 iguanas
  36 orc wizards
  A sleepcap (D:6)
  19 gnolls
  6 adders
  A river rat (D:4)
  2 white imps
  2 ufetubi
  A worm (D:2)
  2 dart slugs (D:4)
  87 orcs
  6 ball pythons
  7 endoplasms
  6 giant cockroaches
  5 goblins
  4 hobgoblins
  8 jackals
  4 quokkas
  6 bats (D:1)
  2 frilled lizards
  17 kobolds
  9 rats
  3 lurking horrors (Abyss:2)
  2 starspawn tentacles (Abyss:2)
  7 tentacles (Shoals:1)
1213 creatures vanquished.

Vanquished Creatures (others)
  2 elemental wellsprings (Shoals:1)
  A centaur warrior (D:14)
  An orc wizard (Orc:2)
  2 orcs (Orc:2)
  5 starspawn tentacles (Abyss:2)
  7 tentacles (Shoals:1)
18 creatures vanquished.

Grand Total: 1231 creatures vanquished

Notes
Turn   | Place    | Note
-------+----------+-------------------------------------------
     0 | D:1      | qw the Gargoyle Hunter began the quest for the Orb.
     0 | D:1      | Reached XP level 1. HP: 12/12 MP: 1/1
     0 | D:1      | 0 ||| qw: Version: 0.3-a-75-g829b12e
     0 | D:1      | 0 ||| qw: Game counter: 176
     0 | D:1      | 0 ||| qw: Melee chars always use a shield: true
     0 | D:1      | 0 ||| qw: God list: Okawaru
     0 | D:1      | 0 ||| qw: Allow faded altars: false
     0 | D:1      | 0 ||| qw: Do Orc after clearing Dungeon:15 true
     0 | D:1      | 0 ||| qw: Do second Lair branch before Depths: true
     0 | D:1      | 0 ||| qw: Lair rune preference: random
     0 | D:1      | 0 ||| qw: Goals: Normal
     0 | D:1      | 0 ||| PLANNING D:1-11
    48 | D:1      | Reached XP level 2. HP: 12/17 MP: 2/2
   205 | D:1      | Reached XP level 3. HP: 11/21 MP: 3/3
   280 | D:1      | Reached skill level 5 in Ranged Weapons
   669 | D:1      | 669 ||| UPGRADING to +0 ring mail.
   679 | D:1      | 679 ||| DROPPING +0 leather armour.
   680 | D:1      | 680 ||| READING scroll labelled YSTRAKL GOFIGEU.
   681 | D:1      | 681 ||| DROPPING scroll of butterflies.
   811 | D:2      | Reached skill level 1 in Armour
   811 | D:2      | Reached XP level 4. HP: 15/27 MP: 4/4
   870 | D:2      | Reached skill level 3 in Fighting
  1425 | D:2      | 1425 ||| UPGRADING to amulet of reflection.
  1430 | D:2      | 1430 ||| READING scroll labelled YJEIHAM QIATU.
  1430 | D:2      | Identified a scroll of acquirement
  1430 | D:2      | 1430 ||| ACQUIRING +6 longbow of electrocution
  1430 | D:2      | Acquired a +6 longbow of electrocution
  1432 | D:2      | 1432 ||| SWAPPING to +6 longbow of electrocution.
  1433 | D:2      | 1433 ||| DROPPING +0 shortbow.
  1434 | D:2      | 1434 ||| READING scroll labelled EZAMU BIKKEUXAMIB.
  1452 | D:2      | 1452 ||| READING 2 scrolls labelled AFIMUI DIDI.
  1457 | D:2      | 1457 ||| DRINKING 2 sedimented silvery potions.
  1532 | D:3      | Reached XP level 5. HP: 25/32 MP: 5/5
  1565 | D:3      | 1565 ||| READING scroll of acquirement.
  1565 | D:3      | 1565 ||| ACQUIRING +2 hand cannon of draining
  1565 | D:3      | Acquired a +2 hand cannon of draining
  1567 | D:3      | 1567 ||| SWAPPING to +2 hand cannon of draining.
  1568 | D:3      | 1568 ||| DROPPING +6 longbow of electrocution.
  1980 | D:3      | Reached skill level 6 in Ranged Weapons
  2240 | D:3      | 2240 ||| READING scroll labelled OSEFRUDYXO.
  2270 | D:4      | 2270 ||| PLANNING SEWER
  2317 | D:4      | Found a transporter.
  2323 | D:4      | Found Noycw's General Store.
  2325 | D:4      | Found a transporter.
  2386 | D:4      | Found Umac's Firing Range.
  2615 | D:4      | Reached XP level 6. HP: 26/38 MP: 6/6
  2909 | D:4      | 2909 ||| RIP SEWER
  2919 | D:4      | 2919 ||| PLANNING D:1-11
  2947 | D:4      | Found a glowing golden altar of the Shining One.
  3042 | D:4      | 3042 ||| UPGRADING to +2 pair of boots.
  3047 | D:4      | 3047 ||| UPGRADING to +1 hat.
  3052 | D:4      | 3052 ||| READING scroll labelled ENI KUBAONN.
  3053 | D:4      | 3053 ||| READING scroll labelled ASANKILISE.
  3089 | D:5      | Entered Level 5 of the Dungeon
  3117 | D:5      | Reached skill level 7 in Ranged Weapons
  3123 | D:5      | 3123 ||| Stepping ~*~*~tactically~*~*~ (retreating).
  3128 | D:5      | Reached XP level 7. HP: 38/43 MP: 7/7
  3146 | D:5      | 3146 ||| FLEEEEING.
  3153 | D:5      | 3153 ||| STAIRDANCE
  3225 | D:5      | Reached skill level 8 in Ranged Weapons
  3235 | D:5      | 3235 ||| RETREATING.
  3242 | D:5      | 3242 ||| Stepping ~*~*~tactically~*~*~ (outnumbered).
  3245 | D:5      | 3245 ||| Stepping ~*~*~tactically~*~*~ (retreating).
  3254 | D:5      | 3254 ||| FLEEEEING.
  3255 | D:5      | 3255 ||| FLEEEEING.
  3333 | D:5      | Found Tiohut's Armour Shop.
  3340 | D:5      | 3340 ||| BUYING +1 robe of fire resistance (152 gold).
  3340 | D:5      | Bought a +1 robe of fire resistance for 152 gold pieces
  3389 | D:5      | Found a snail-covered altar of Cheibriados.
  3776 | D:5      | 3776 ||| UPGRADING to +1 robe of fire resistance.
  3786 | D:5      | 3786 ||| READING 2 scrolls of identify.
  3786 | D:5      | 3786 ||| IDENTIFYING inky potion
  3787 | D:5      | 3787 ||| DROPPING potion of attraction.
  3866 | D:6      | Reached XP level 8. HP: 50/50 MP: 8/8
  4041 | D:6      | Found a staircase to the Ecumenical Temple.
  4042 | D:6      | 4042 ||| PLANNING TEMPLE
  4042 | D:6      | 4042 ||| DROPPING +6 ring of intelligence.
  4051 | Temple   | Entered the Ecumenical Temple
  4052 | Temple   | 4052 ||| PLANNING OKAWARU WORSHIP
  4067 | Temple   | Became a worshipper of Warmaster Okawaru
  4068 | Temple   | 4068 ||| PLANNING D:1-11
  4113 | D:6      | Reached skill level 9 in Ranged Weapons
  4245 | D:6      | Reached skill level 6 in Fighting
  4559 | D:6      | Noticed a wraith
  4566 | D:6      | Killed a wraith
  4808 | D:6      | Found Neisaf's Weapon Emporium.
  4888 | D:6      | 4888 ||| READING scroll labelled YMIEKI COJ EGI.
  4974 | D:7      | Reached * piety under Okawaru
  4975 | D:7      | Reached skill level 10 in Ranged Weapons
  5066 | D:7      | Found a runed translucent door.
  5070 | D:7      | Found a runed translucent door.
  5246 | D:7      | Reached skill level 1 in Invocations
  5246 | D:7      | Reached XP level 9. HP: 46/55 MP: 9/9
  5305 | D:7      | 5305 ||| INVOKING Heroism.
  5307 | D:7      | Reached skill level 3 in Dodging
  5307 | D:7      | 5307 ||| Stepping ~*~*~tactically~*~*~ (outnumbered).
  5318 | D:7      | 5318 ||| INVOKING Heroism.
  5424 | D:7      | Found a white marble altar of Elyvilon.
  5476 | D:7      | Reached skill level 3 in Invocations
  5546 | D:7      | Found a basalt altar of Yredelemnul.
  5554 | D:7      | 5554 ||| DROPPING +0 ring mail.
  5555 | D:7      | 5555 ||| UPGRADING to +3 leather armour.
  5565 | D:7      | 5565 ||| READING scroll labelled KOCESI CINICH.
  5566 | D:7      | 5566 ||| DRINKING 2 fuming inky potions.
  5567 | D:7      | 5567 ||| READING 2 scrolls of identify.
  5567 | D:7      | 5567 ||| IDENTIFYING viscous emerald potion
  5568 | D:7      | 5568 ||| DROPPING potion of degeneration.
  5569 | D:7      | 5569 ||| DROPPING potion of invisibility.
  5646 | D:8      | 5646 ||| INVOKING Heroism.
  5768 | D:8      | Found a flagged portal.
  5770 | D:8      | 5770 ||| INVOKING Heroism.
  5833 | D:8      | 5833 ||| INVOKING Heroism.
  5962 | D:8      | 5962 ||| INVOKING Heroism.
  5967 | D:8      | Reached skill level 11 in Ranged Weapons
  6123 | D:8      | 6123 ||| RETREATING.
  6253 | D:8      | 6253 ||| INVOKING Heroism.
  6258 | D:8      | Reached ** piety under Okawaru
  6259 | D:8      | Reached XP level 10. HP: 38/65 MP: 10/13
  6625 | D:8      | 6625 ||| Stepping ~*~*~tactically~*~*~ (outnumbered).
  6627 | D:8      | 6627 ||| Stepping ~*~*~tactically~*~*~ (outnumbered).
  6690 | D:8      | Identified the +1 rapier of Ghostly Forgiveness {heavy,
                  | +Blink rCorr Int-3 Dex+3}
  6903 | D:8      | 6903 ||| DROPPING scarf of shadows.
  6904 | D:8      | 6904 ||| DRINKING 2 sedimented inky potions.
  6904 | D:8      | Gained mutation: You are agile. (Dex +4, Str/Int -1)
                  | [potion of mutation]
  6904 | D:8      | Gained mutation: You occasionally lose the ability to read
                  | scrolls when taking damage. [potion of mutation]
  6904 | D:8      | Gained mutation: You have supernaturally acute eyesight.
                  | (SInv) [potion of mutation]
  6904 | D:8      | Gained mutation: You have large cloven feet. [potion of
                  | mutation]
  6905 | D:8      | 6905 ||| DRINKING potion of mutation.
  6905 | D:8      | Lost mutation: You have supernaturally acute eyesight.
                  | (SInv) [potion of mutation]
  6905 | D:8      | Lost mutation: You have large cloven feet. [potion of
                  | mutation]
  6905 | D:8      | Gained mutation: Your magical capacity is low. (-10% MP)
                  | [potion of mutation]
  6905 | D:8      | Gained mutation: You possess an exceptional clarity of
                  | mind. [potion of mutation]
  6906 | D:8      | 6906 ||| READING 2 scrolls of identify.
  6906 | D:8      | 6906 ||| IDENTIFYING sedimented golden potion
  6964 | D:9      | 6964 ||| Stepping ~*~*~tactically~*~*~ (outnumbered).
  6969 | D:9      | 6969 ||| STAIRDANCE
  7005 | D:9      | 7005 ||| INVOKING Heroism.
  7037 | D:9      | 7037 ||| STAIRDANCE
  7211 | D:9      | 7211 ||| READING scroll of enchant weapon.
  7211 | D:9      | 7211 ||| ENCHANTING +3 hand cannon of draining.
  7250 | D:9      | Found an ancient bone altar of Kikubaaqudgha.
  7442 | D:9      | Reached skill level 12 in Ranged Weapons
  7513 | D:9      | Reached *** piety under Okawaru
  7593 | D:9      | 7593 ||| DRINKING 2 metallic blue potions.
  7622 | D:9      | 7622 ||| READING 3 scrolls of identify.
  7622 | D:9      | 7622 ||| IDENTIFYING orange potion
  7623 | D:9      | 7623 ||| READING 2 scrolls of identify.
  7623 | D:9      | 7623 ||| IDENTIFYING fuming brown potion
  7624 | D:9      | 7624 ||| DROPPING potion of brilliance.
  7625 | D:9      | 7625 ||| DROPPING potion of lignification.
  7640 | D:10     | Entered Level 10 of the Dungeon
  7640 | D:10     | Found a staircase to the Lair.
  7641 | D:10     | 7641 ||| RETREATING.
  7642 | D:10     | 7642 ||| Stepping ~*~*~tactically~*~*~ (outnumbered).
  7647 | D:10     | 7647 ||| INVOKING Heroism.
  7651 | D:10     | 7651 ||| Stepping ~*~*~tactically~*~*~ (retreating).
  7771 | D:10     | Found a shimmering blue altar of Sif Muna.
  7771 | D:10     | Found a hide-covered altar of Uskayaw.
  7826 | D:10     | 7826 ||| INVOKING Heroism.
  7870 | D:10     | Noticed a manticore
  7871 | D:10     | 7871 ||| INVOKING Heroism.
  7876 | D:10     | Killed a manticore
  8035 | D:10     | Found a staircase to the Orcish Mines.
  8041 | D:10     | 8041 ||| INVOKING Heroism.
  8048 | D:10     | Reached skill level 13 in Ranged Weapons
  8064 | D:10     | 8064 ||| INVOKING Heroism.
  8174 | D:10     | Noticed a two-headed ogre
  8175 | D:10     | 8175 ||| INVOKING Heroism.
  8178 | D:10     | Killed a two-headed ogre
  8179 | D:10     | Reached skill level 9 in Fighting
  8179 | D:10     | Reached XP level 11. HP: 72/72 MP: 9/12
  8221 | D:10     | Found a shadowy altar of Dithmenos.
  8359 | D:10     | 8359 ||| INVOKING Heroism.
  8413 | D:10     | Found a hazy altar of Hepliaklqana.
  8969 | D:10     | 8969 ||| PLANNING LAIR
  8969 | D:10     | 8969 ||| READING scroll labelled ZUARUMU ZANUO.
  8997 | Lair:1   | Entered Level 1 of the Lair of Beasts
  9066 | Lair:1   | 9066 ||| RETREATING.
  9067 | Lair:1   | 9067 ||| INVOKING Heroism.
  9069 | Lair:1   | 9069 ||| Stepping ~*~*~tactically~*~*~ (retreating).
  9070 | Lair:1   | 9070 ||| Stepping ~*~*~tactically~*~*~ (retreating).
  9072 | Lair:1   | 9072 ||| Stepping ~*~*~tactically~*~*~ (retreating).
  9073 | Lair:1   | 9073 ||| Stepping ~*~*~tactically~*~*~ (retreating).
  9205 | Lair:1   | 9205 ||| READING scroll of enchant weapon.
  9205 | Lair:1   | 9205 ||| ENCHANTING +4 hand cannon of draining.
  9223 | Lair:1   | Found a frozen archway.
  9266 | Lair:1   | 9266 ||| INVOKING Heroism.
  9268 | Lair:1   | 9268 ||| Stepping ~*~*~tactically~*~*~ (cloud).
  9272 | Lair:1   | Noticed Nergalle
  9273 | Lair:1   | 9273 ||| RETREATING.
  9274 | Lair:1   | 9274 ||| Stepping ~*~*~tactically~*~*~ (retreating).
  9275 | Lair:1   | 9275 ||| Stepping ~*~*~tactically~*~*~ (retreating).
  9276 | Lair:1   | 9276 ||| Stepping ~*~*~tactically~*~*~ (retreating).
  9277 | Lair:1   | 9277 ||| Stepping ~*~*~tactically~*~*~ (retreating).
  9278 | Lair:1   | 9278 ||| Stepping ~*~*~tactically~*~*~ (retreating).
  9279 | Lair:1   | 9279 ||| Stepping ~*~*~tactically~*~*~ (retreating).
  9281 | Lair:1   | 9281 ||| Stepping ~*~*~tactically~*~*~ (retreating).
  9290 | Lair:1   | Killed Nergalle
  9291 | Lair:1   | Reached **** piety under Okawaru
  9292 | Lair:1   | 9292 ||| INVOKING Heroism.
  9299 | Lair:1   | Reached skill level 14 in Ranged Weapons
  9460 | Lair:1   | 9460 ||| INVOKING Heroism.
  9606 | Lair:1   | 9606 ||| READING scroll of enchant weapon.
  9606 | Lair:1   | 9606 ||| ENCHANTING +5 hand cannon of draining.
  9616 | Lair:1   | 9616 ||| INVOKING Heroism.
  9617 | Lair:1   | 9617 ||| RETREATING.
 10182 | Lair:1   | 10182 ||| DROPPING amulet of magic regeneration.
 10183 | Lair:1   | 10183 ||| READING scroll labelled NALUNIY OHOU.
 10184 | Lair:1   | 10184 ||| READING 2 scrolls of identify.
 10184 | Lair:1   | 10184 ||| IDENTIFYING grey potion
 10223 | Lair:2   | 10223 ||| INVOKING Heroism.
 10266 | Lair:2   | 10266 ||| RETREATING.
 10362 | Lair:2   | Noticed a catoblepas
 10363 | Lair:2   | 10363 ||| INVOKING Heroism.
 10372 | Lair:2   | Killed a catoblepas
 10373 | Lair:2   | Reached skill level 6 in Invocations
 10373 | Lair:2   | Reached XP level 12. HP: 77/77 MP: 12/15
 10375 | Lair:2   | Noticed a four-headed hydra
 10381 | Lair:2   | Noticed a five-headed hydra
 10382 | Lair:2   | 10382 ||| Stepping ~*~*~tactically~*~*~ (retreating).
 10383 | Lair:2   | Killed a four-headed hydra
 10383 | Lair:2   | Reached ***** piety under Okawaru
 10385 | Lair:2   | Killed a five-headed hydra
 10386 | Lair:2   | Reached skill level 15 in Ranged Weapons
 10433 | Lair:2   | Found the +1 robe of Vines {NoPotionHeal Regen++++}
 10435 | Lair:2   | 10435 ||| INVOKING Heroism.
 10436 | Lair:2   | 10436 ||| INVOKING Finesse.
 10565 | Lair:2   | Found a staircase to the Snake Pit.
 11173 | Lair:2   | 11173 ||| DROPPING +1 robe of fire resistance.
 11174 | Lair:2   | 11174 ||| UPGRADING to +1 robe of Vines {NoPotionHeal
                  | Regen++++}.
 11184 | Lair:2   | 11184 ||| DROPPING +3 leather armour.
 11185 | Lair:2   | 11185 ||| DROPPING amulet of the acrobat.
 11186 | Lair:2   | 11186 ||| READING scroll labelled QOGUUR WIEGG.
 11187 | Lair:2   | 11187 ||| READING 2 scrolls of identify.
 11187 | Lair:2   | 11187 ||| IDENTIFYING sedimented grey potion
 11251 | Lair:3   | 11251 ||| RETREATING.
 11257 | Lair:3   | 11257 ||| Stepping ~*~*~tactically~*~*~ (retreating).
 11265 | Lair:3   | Received a gift from Okawaru
 11273 | Lair:3   | Reached skill level 6 in Dodging
 11439 | Lair:3   | 11439 ||| RETREATING.
 11440 | Lair:3   | 11440 ||| Stepping ~*~*~tactically~*~*~ (retreating).
 11442 | Lair:3   | 11442 ||| Stepping ~*~*~tactically~*~*~ (outnumbered).
 11444 | Lair:3   | 11444 ||| Stepping ~*~*~tactically~*~*~ (retreating).
 11457 | Lair:3   | 11457 ||| INVOKING Heroism.
 11482 | Lair:3   | 11482 ||| RETREATING.
 11532 | Lair:3   | Found a staircase to the Shoals.
 11584 | Lair:3   | Noticed a five-headed hydra
 11585 | Lair:3   | 11585 ||| RETREATING.
 11592 | Lair:3   | 11592 ||| RETREATING.
 11593 | Lair:3   | 11593 ||| INVOKING Heroism.
 11597 | Lair:3   | Killed a five-headed hydra
 11598 | Lair:3   | Reached skill level 9 in Invocations
 11684 | Lair:3   | 11684 ||| INVOKING Heroism.
 11712 | Lair:3   | 11712 ||| READING scroll of enchant weapon.
 11712 | Lair:3   | 11712 ||| ENCHANTING +6 hand cannon of draining.
 12006 | Lair:3   | 12006 ||| INVOKING Heroism.
 12018 | Lair:3   | 12018 ||| Stepping ~*~*~tactically~*~*~ (retreating).
 12019 | Lair:3   | 12019 ||| Stepping ~*~*~tactically~*~*~ (retreating).
 12020 | Lair:3   | 12020 ||| Stepping ~*~*~tactically~*~*~ (retreating).
 12023 | Lair:3   | 12023 ||| Stepping ~*~*~tactically~*~*~ (retreating).
 12025 | Lair:3   | 12025 ||| Stepping ~*~*~tactically~*~*~ (retreating).
 12026 | Lair:3   | 12026 ||| Stepping ~*~*~tactically~*~*~ (retreating).
 12030 | Lair:3   | 12030 ||| Stepping ~*~*~tactically~*~*~ (retreating).
 12036 | Lair:3   | 12036 ||| Stepping ~*~*~tactically~*~*~ (retreating).
 12039 | Lair:3   | Reached XP level 13. HP: 68/82 MP: 18/18
 12039 | Lair:3   | 12039 ||| Stepping ~*~*~tactically~*~*~ (retreating).
 12040 | Lair:3   | 12040 ||| Stepping ~*~*~tactically~*~*~ (retreating).
 12041 | Lair:3   | 12041 ||| Stepping ~*~*~tactically~*~*~ (retreating).
 12044 | Lair:3   | Reached skill level 16 in Ranged Weapons
 12077 | Lair:3   | 12077 ||| INVOKING Heroism.
 12079 | Lair:3   | 12079 ||| INVOKING Finesse.
 12345 | Lair:3   | 12345 ||| UPGRADING to +2 pair of gloves.
 12350 | Lair:3   | 12350 ||| READING scroll labelled QIYGUL NUSOS.
 12351 | Lair:3   | 12351 ||| READING scroll labelled HAG HYGOULUX.
 12452 | Lair:3   | 12452 ||| READING scroll labelled NUXUET SEZA.
 12453 | Lair:3   | 12453 ||| READING 3 scrolls of identify.
 12453 | Lair:3   | 12453 ||| IDENTIFYING sapphire potion
 12463 | Lair:4   | 12463 ||| INVOKING Heroism.
 12464 | Lair:4   | 12464 ||| RETREATING.
 12466 | Lair:4   | 12466 ||| INVOKING Finesse.
 12470 | Lair:4   | Reached skill level 3 in Armour
 12482 | Lair:4   | 12482 ||| Stepping ~*~*~tactically~*~*~ (retreating).
 12483 | Lair:4   | 12483 ||| Stepping ~*~*~tactically~*~*~ (retreating).
 12484 | Lair:4   | 12484 ||| RETREATING.
 12495 | Lair:4   | Identified the +9 triple crossbow of Guilt {drain, +Blink}
                  | (Okawaru gifted it to you on level 4 of the Lair of Beasts)
 12495 | Lair:4   | Received a gift from Okawaru
 12528 | Lair:4   | 12528 ||| SWAPPING to +9 triple crossbow of Guilt {drain,
                  | +Blink}.
 12529 | Lair:4   | 12529 ||| DROPPING +7 hand cannon of freezing.
 12627 | Lair:4   | 12627 ||| INVOKING Heroism.
 12731 | Lair:4   | 12731 ||| INVOKING Heroism.
 12771 | Lair:4   | 12771 ||| INVOKING Heroism.
 12775 | Lair:4   | Reached skill level 17 in Ranged Weapons
 12857 | Lair:4   | 12857 ||| INVOKING Heroism.
 12858 | Lair:4   | 12858 ||| INVOKING Finesse.
 12925 | Lair:4   | 12925 ||| INVOKING Heroism.
 12984 | Lair:4   | Identified the +5 short sword of Chaos {heavy, Int+2}
 13226 | Lair:4   | Found a transporter.
 13230 | Lair:4   | Found a transporter.
 13612 | Lair:4   | 13612 ||| READING 2 scrolls of identify.
 13612 | Lair:4   | 13612 ||| IDENTIFYING fizzy purple potion
 13636 | Lair:5   | Entered Level 5 of the Lair of Beasts
 13644 | Lair:5   | 13644 ||| RETREATING.
 13645 | Lair:5   | 13645 ||| INVOKING Heroism.
 13652 | Lair:5   | 13652 ||| Stepping ~*~*~tactically~*~*~ (retreating).
 13653 | Lair:5   | 13653 ||| Stepping ~*~*~tactically~*~*~ (retreating).
 13654 | Lair:5   | 13654 ||| Stepping ~*~*~tactically~*~*~ (retreating).
 13655 | Lair:5   | 13655 ||| Stepping ~*~*~tactically~*~*~ (retreating).
 13657 | Lair:5   | 13657 ||| Stepping ~*~*~tactically~*~*~ (retreating).
 13669 | Lair:5   | 13669 ||| INVOKING Finesse.
 13675 | Lair:5   | 13675 ||| INVOKING Heroism.
 13762 | Lair:5   | 13762 ||| INVOKING Heroism.
 13763 | Lair:5   | 13763 ||| RETREATING.
 13765 | Lair:5   | 13765 ||| Stepping ~*~*~tactically~*~*~ (retreating).
 13766 | Lair:5   | 13766 ||| Stepping ~*~*~tactically~*~*~ (retreating).
 13767 | Lair:5   | 13767 ||| Stepping ~*~*~tactically~*~*~ (retreating).
 13771 | Lair:5   | Gained mutation: Your large and strong wings let you fly.
                  | [Gargoyle growth]
 13771 | Lair:5   | Reached XP level 14. HP: 90/90 MP: 17/19
 13776 | Lair:5   | Reached skill level 18 in Ranged Weapons
 13912 | Lair:5   | Found a staircase to the Slime Pits.
 14067 | Lair:5   | 14067 ||| INVOKING Heroism.
 14077 | Lair:5   | Noticed a dire elephant
 14084 | Lair:5   | Killed a dire elephant
 14085 | Lair:5   | Reached skill level 12 in Fighting
 14247 | Lair:5   | 14247 ||| Stepping ~*~*~tactically~*~*~ (outnumbered).
 14248 | Lair:5   | 14248 ||| Stepping ~*~*~tactically~*~*~ (outnumbered).
 14298 | Lair:5   | 14298 ||| RETREATING.
 14329 | Lair:5   | Found a large runed translucent door.
 14330 | Lair:5   | Found a large runed translucent door.
 14333 | Lair:5   | 14333 ||| RETREATING.
 14336 | Lair:5   | 14336 ||| Stepping ~*~*~tactically~*~*~ (retreating).
 14337 | Lair:5   | 14337 ||| Stepping ~*~*~tactically~*~*~ (retreating).
 14338 | Lair:5   | 14338 ||| Stepping ~*~*~tactically~*~*~ (retreating).
 14339 | Lair:5   | 14339 ||| Stepping ~*~*~tactically~*~*~ (retreating).
 14340 | Lair:5   | 14340 ||| Stepping ~*~*~tactically~*~*~ (retreating).
 14346 | Lair:5   | 14346 ||| INVOKING Heroism.
 14770 | Lair:5   | 14770 ||| PLANNING D:1-11
 14770 | Lair:5   | 14770 ||| DROPPING +2 pair of gloves.
 14771 | Lair:5   | 14771 ||| READING scroll labelled ECESUNORUAK.
 14772 | Lair:5   | 14772 ||| DROPPING scroll of poison.
 14951 | D:11     | Found a runed translucent door.
 14953 | D:11     | Noticed qw's ghost (journeyman GrHu)
 15112 | D:11     | Found a runed translucent door.
 15352 | D:11     | 15352 ||| PLANNING D
 15408 | D:12     | 15408 ||| INVOKING Heroism.
 15457 | D:12     | 15457 ||| INVOKING Finesse.
 15511 | D:12     | Identified the +1 cloak of Nice Intercession {rElec rC-
                  | rN++ Int+2} (Okawaru gifted it to you on level 12 of the
                  | Dungeon)
 15511 | D:12     | Received a gift from Okawaru
 15579 | D:12     | 15579 ||| INVOKING Heroism.
 15581 | D:12     | 15581 ||| Stepping ~*~*~tactically~*~*~ (retreating).
 15582 | D:12     | 15582 ||| Stepping ~*~*~tactically~*~*~ (retreating).
 15583 | D:12     | 15583 ||| Stepping ~*~*~tactically~*~*~ (retreating).
 15584 | D:12     | 15584 ||| INVOKING Finesse.
 15658 | D:12     | 15658 ||| INVOKING Heroism.
 15659 | D:12     | 15659 ||| INVOKING Finesse.
 15659 | D:12     | Identified the ring of Kicilav {rF+ Int+6}
 15664 | D:12     | Reached skill level 19 in Ranged Weapons
 15715 | D:12     | 15715 ||| INVOKING Finesse.
 15725 | D:12     | 15725 ||| INVOKING Heroism.
 15998 | D:12     | 15998 ||| INVOKING Heroism.
 16371 | D:12     | 16371 ||| UPGRADING to +1 cloak of Nice Intercession {rElec
                  | rC- rN++ Int+2}.
 16376 | D:12     | 16376 ||| UPGRADING to ring of Kicilav {rF+ Int+6}.
 16441 | D:13     | You are sucked into a shaft and drop 2 floors!
 16441 | D:15     | Entered Level 15 of the Dungeon
 16462 | D:14     | 16462 ||| INVOKING Heroism.
 16490 | D:14     | Noticed Nessos
 16491 | D:14     | 16491 ||| RETREATING.
 16496 | D:14     | 16496 ||| Stepping ~*~*~tactically~*~*~ (retreating).
 16570 | D:14     | Reached XP level 15. HP: 98/98 MP: 20/20
 16571 | D:14     | 16571 ||| RETREATING.
 16577 | D:14     | 16577 ||| Stepping ~*~*~tactically~*~*~ (retreating).
 16590 | D:14     | 16590 ||| INVOKING Heroism.
 16593 | D:14     | Killed Nessos
 16700 | D:13     | Found a runed translucent door.
 16700 | D:13     | Found the +2 shield of Resistance {rF++ rC++ Will++}
 16706 | D:13     | Found a runed translucent door.
 16774 | D:13     | Noticed Lodul
 16777 | D:13     | Killed Lodul
 16778 | D:13     | Reached skill level 9 in Dodging
 17355 | D:14     | Found a gate to the Vaults.
 17378 | D:14     | 17378 ||| INVOKING Heroism.
 17395 | D:14     | 17395 ||| READING scroll of enchant armour.
 17395 | D:14     | 17395 ||| ENCHANTING +1 hat.
 17640 | D:14     | 17640 ||| INVOKING Heroism.
 17684 | D:14     | Received a gift from Okawaru
 17685 | D:14     | Reached skill level 20 in Ranged Weapons
 17685 | D:14     | 17685 ||| INVOKING Heroism.
 17697 | D:14     | 17697 ||| DROPPING +3 hand cannon of freezing.
 17717 | D:14     | 17717 ||| DRINKING potion of mutation.
 17717 | D:14     | Lost mutation: You are agile. (Dex +4, Str/Int -1) [potion
                  | of mutation]
 17717 | D:14     | Lost mutation: You possess an exceptional clarity of mind.
                  | [potion of mutation]
 17717 | D:14     | Gained mutation: Your body sometimes deteriorates upon
                  | taking damage. [potion of mutation]
 17807 | D:14     | 17807 ||| UPGRADING to +5 ring of evasion.
 17811 | D:15     | Noticed Rupert
 17812 | D:15     | 17812 ||| INVOKING Heroism.
 17813 | D:15     | 17813 ||| INVOKING Finesse.
 17814 | D:15     | Paralysed by Rupert for 3 turns
 17821 | D:15     | Killed Rupert
 17952 | D:15     | 17952 ||| INVOKING Heroism.
 17996 | D:15     | 17996 ||| Stepping ~*~*~tactically~*~*~ (outnumbered).
 18029 | D:15     | Found a staircase to the Depths.
 18146 | D:15     | 18146 ||| RETREATING.
 18147 | D:15     | 18147 ||| INVOKING Heroism.
 18306 | D:15     | 18306 ||| INVOKING Heroism.
 18462 | D:15     | 18462 ||| INVOKING Heroism.
 18725 | D:15     | Found a glowing silver altar of Zin.
 18725 | D:15     | Noticed an angel
 18887 | D:15     | 18887 ||| PLANNING ORC
 19020 | Orc:1    | Entered Level 1 of the Orcish Mines
 19021 | Orc:1    | 19021 ||| STAIRDANCE
 19026 | Orc:1    | 19026 ||| STAIRDANCE
 19038 | Orc:1    | 19038 ||| STAIRDANCE
 19040 | D:10     | 19040 ||| INVOKING Heroism.
 19054 | Orc:1    | 19054 ||| STAIRDANCE
 19063 | Orc:1    | 19063 ||| STAIRDANCE
 19076 | Orc:1    | 19076 ||| STAIRDANCE
 19083 | Orc:1    | 19083 ||| STAIRDANCE
 19503 | Orc:2    | Entered Level 2 of the Orcish Mines
 19504 | Orc:2    | 19504 ||| PLANNING GAUNTLET
 19576 | Orc:2    | Found a gate leading to a gauntlet.
 19591 | Gauntlet | Entered a Gauntlet
 19591 | Gauntlet | Found a transporter.
 19600 | Gauntlet | Found a transporter.
 19615 | Gauntlet | Found a transporter.
 19621 | Gauntlet | Found a transporter.
 19638 | Gauntlet | Found a transporter.
 19655 | Gauntlet | Found a transporter.
 19667 | Gauntlet | Found a transporter.
 19679 | Gauntlet | Found a transporter.
 19687 | Gauntlet | Found a large runed translucent door.
 19688 | Gauntlet | Found a large runed translucent door.
 19689 | Gauntlet | Found a large runed translucent door.
 19689 | Gauntlet | Found a large runed translucent door.
 19690 | Gauntlet | Found a runed translucent gate.
 19691 | Gauntlet | Found a transporter.
 19691 | Gauntlet | Found a runed translucent gate.
 19692 | Gauntlet | Found a runed translucent gate.
 19693 | Gauntlet | Found a large runed translucent door.
 19693 | Gauntlet | Found a large runed translucent door.
 19694 | Gauntlet | Found a large runed translucent door.
 19695 | Gauntlet | Found a large runed translucent door.
 19703 | Gauntlet | Found a transporter.
 19720 | Gauntlet | Found a transporter.
 19733 | Gauntlet | Found a large runed translucent door.
 19734 | Gauntlet | Found a large runed translucent door.
 19735 | Gauntlet | Found a large runed translucent door.
 19735 | Gauntlet | Found a large runed translucent door.
 19736 | Gauntlet | Found a runed translucent door.
 19737 | Gauntlet | Found a transporter.
 19738 | Gauntlet | Found a runed translucent door.
 19739 | Gauntlet | Found a large runed translucent door.
 19739 | Gauntlet | Found a large runed translucent door.
 19740 | Gauntlet | Found a large runed translucent door.
 19741 | Gauntlet | Found a transporter.
 19766 | Gauntlet | Found a transporter.
 19788 | Gauntlet | Found a transporter.
 19868 | Gauntlet | Found a transporter.
 19888 | Gauntlet | Found a transporter.
 19908 | Gauntlet | Found a large runed translucent door.
 19997 | Gauntlet | Found a transporter.
 20081 | Gauntlet | 20081 ||| DROPPING amulet of guardian spirit.
 20153 | Gauntlet | Identified the +0 cloak "Pemom" {Fly rPois rF+ MP+9}
 20157 | Gauntlet | 20157 ||| UPGRADING to +0 cloak "Pemom" {Fly rPois rF+
                  | MP+9}.
 20220 | Gauntlet | Identified the +4 falchion of Shrieking Terror {pain,
                  | Contam Int+5 Dex+5}
 20221 | Gauntlet | 20221 ||| INVOKING Heroism.
 20254 | Gauntlet | 20254 ||| DROPPING ring of resist corrosion.
 20255 | Gauntlet | 20255 ||| DROPPING ring of fire.
 20256 | Gauntlet | 20256 ||| READING 3 scrolls of identify.
 20256 | Gauntlet | 20256 ||| IDENTIFYING blue potion
 20261 | Orc:2    | 20261 ||| PLANNING ORC
 20286 | Orc:2    | 20286 ||| Stepping ~*~*~tactically~*~*~ (outnumbered).
 20288 | Orc:2    | 20288 ||| Stepping ~*~*~tactically~*~*~ (outnumbered).
 20289 | Orc:2    | 20289 ||| INVOKING Heroism.
 20312 | Orc:2    | 20312 ||| Stepping ~*~*~tactically~*~*~ (outnumbered).
 20317 | Orc:2    | 20317 ||| Stepping ~*~*~tactically~*~*~ (outnumbered).
 20355 | Orc:2    | 20355 ||| RETREATING.
 20361 | Orc:2    | 20361 ||| INVOKING Heroism.
 20364 | Orc:2    | 20364 ||| Stepping ~*~*~tactically~*~*~ (retreating).
 20366 | Orc:2    | 20366 ||| Stepping ~*~*~tactically~*~*~ (retreating).
 20367 | Orc:2    | 20367 ||| Stepping ~*~*~tactically~*~*~ (retreating).
 20368 | Orc:2    | 20368 ||| Stepping ~*~*~tactically~*~*~ (retreating).
 20369 | Orc:2    | 20369 ||| Stepping ~*~*~tactically~*~*~ (retreating).
 20380 | Orc:2    | Reached XP level 16. HP: 106/106 MP: 21/21
 20394 | Orc:2    | 20394 ||| DRINKING 3 potions of curing.
 20394 | Orc:2    | 20394 ||| (to cure confusion)
 20395 | Orc:2    | 20395 ||| Stepping ~*~*~tactically~*~*~ (retreating).
 20397 | Orc:2    | 20397 ||| INVOKING Heroism.
 20415 | Orc:2    | 20415 ||| DRINKING 2 potions of curing.
 20415 | Orc:2    | 20415 ||| (to cure confusion)
 20580 | Orc:2    | Found an ancient bone altar of Kikubaaqudgha.
 20585 | Orc:2    | Found Nukla's Antique Weapon Boutique.
 20593 | Orc:2    | 20593 ||| INVOKING Heroism.
 20605 | Orc:2    | Found a radiant altar of Vehumet.
 20606 | Orc:2    | Noticed Erolcha
 20613 | Orc:2    | Killed Erolcha
 20639 | Orc:2    | 20639 ||| RETREATING.
 20640 | Orc:2    | 20640 ||| Stepping ~*~*~tactically~*~*~ (outnumbered).
 20652 | Orc:2    | 20652 ||| INVOKING Heroism.
 20665 | Orc:2    | Reached skill level 21 in Ranged Weapons
 20666 | Orc:2    | 20666 ||| Stepping ~*~*~tactically~*~*~ (outnumbered).
 20678 | Orc:2    | Found Pugauleg's Jewellery Shop.
 20680 | Orc:2    | Found Ozxasuis's Distillery.
 20685 | Orc:2    | 20685 ||| BUYING ring of see invisible (210 gold).
 20685 | Orc:2    | Bought a ring of see invisible for 210 gold pieces
 20693 | Orc:2    | 20693 ||| BUYING potion of curing (54 gold).
 20693 | Orc:2    | Bought a potion of curing for 54 gold pieces
 20693 | Orc:2    | 20693 ||| BUYING potion of curing (54 gold).
 20693 | Orc:2    | Bought a potion of curing for 54 gold pieces
 20693 | Orc:2    | 20693 ||| BUYING potion of curing (54 gold).
 20693 | Orc:2    | Bought a potion of curing for 54 gold pieces
 20693 | Orc:2    | 20693 ||| BUYING potion of enlightenment (90 gold).
 20693 | Orc:2    | Bought a potion of enlightenment for 90 gold pieces
 20693 | Orc:2    | 20693 ||| BUYING potion of might (72 gold).
 20693 | Orc:2    | Bought a potion of might for 72 gold pieces
 20738 | Orc:2    | Found Paraydur's Magic Scroll Shop.
 20745 | Orc:2    | 20745 ||| BUYING scroll of brand weapon (161 gold).
 20745 | Orc:2    | Bought a scroll of brand weapon for 161 gold pieces
 20745 | Orc:2    | 20745 ||| BUYING scroll of identify (34 gold).
 20745 | Orc:2    | Bought a scroll of identify for 34 gold pieces
 20745 | Orc:2    | 20745 ||| BUYING scroll of identify (34 gold).
 20745 | Orc:2    | Bought a scroll of identify for 34 gold pieces
 20911 | Orc:2    | Found a staircase to the Elven Halls.
 21061 | Orc:2    | 21061 ||| PLANNING SNAKE:1-3
 21061 | Orc:2    | 21061 ||| UPGRADING to ring of see invisible.
 21236 | Snake:1  | Entered Level 1 of the Snake Pit
 21271 | Snake:1  | 21271 ||| RETREATING.
 21315 | Snake:1  | 21315 ||| RETREATING.
 21317 | Snake:1  | 21317 ||| Stepping ~*~*~tactically~*~*~ (retreating).
 21318 | Snake:1  | 21318 ||| Stepping ~*~*~tactically~*~*~ (retreating).
 21319 | Snake:1  | 21319 ||| Stepping ~*~*~tactically~*~*~ (retreating).
 21320 | Snake:1  | 21320 ||| Stepping ~*~*~tactically~*~*~ (retreating).
 21321 | Snake:1  | 21321 ||| Stepping ~*~*~tactically~*~*~ (retreating).
 21322 | Snake:1  | 21322 ||| Stepping ~*~*~tactically~*~*~ (retreating).
 21332 | Snake:1  | 21332 ||| Stepping ~*~*~tactically~*~*~ (retreating).
 21334 | Snake:1  | 21334 ||| Stepping ~*~*~tactically~*~*~ (retreating).
 21434 | Snake:1  | Reached skill level 15 in Fighting
 21586 | Snake:1  | 21586 ||| INVOKING Heroism.
 21637 | Snake:1  | Found a transporter.
 21653 | Snake:1  | 21653 ||| Stepping ~*~*~tactically~*~*~ (outnumbered).
 21655 | Snake:1  | 21655 ||| INVOKING Heroism.
 21657 | Snake:1  | 21657 ||| Stepping ~*~*~tactically~*~*~ (outnumbered).
 21660 | Snake:1  | 21660 ||| Stepping ~*~*~tactically~*~*~ (outnumbered).
 21737 | Snake:1  | Found a transporter.
 21741 | Snake:1  | Noticed Liforeniyw's ghost (adept MiBe)
 21948 | Snake:1  | Found Gikliv Itwa's Jewellery Shoppe.
 21950 | Snake:1  | Found Izeosyown's Distillery.
 21963 | Snake:1  | 21963 ||| BUYING +5 ring of evasion (648 gold).
 21963 | Snake:1  | Bought a +5 ring of evasion for 648 gold pieces
 21963 | Snake:1  | 21963 ||| SHOPLISTING amulet of Wurig {-Tele rElec rF+
                  | Regen+ Str+6} (1018 gold, have 989).
 21968 | Snake:1  | 21968 ||| BUYING potion of curing (33 gold).
 21968 | Snake:1  | Bought a potion of curing for 33 gold pieces
 21968 | Snake:1  | 21968 ||| BUYING potion of enlightenment (55 gold).
 21968 | Snake:1  | Bought a potion of enlightenment for 55 gold pieces
 21968 | Snake:1  | 21968 ||| BUYING potion of magic (88 gold).
 21968 | Snake:1  | Bought a potion of magic for 88 gold pieces
 21973 | Snake:1  | Found Uqoufot's Armour Shop.
 21981 | Snake:1  | 21981 ||| BUYING +0 pair of gloves of dexterity (161 gold).
 21981 | Snake:1  | Bought a +0 pair of gloves of dexterity for 161 gold pieces
 22110 | Snake:1  | 22110 ||| DRINKING potion of mutation.
 22110 | Snake:1  | Lost mutation: You occasionally lose the ability to read
                  | scrolls when taking damage. [potion of mutation]
 22110 | Snake:1  | Lost mutation: Your magical capacity is low. (-10% MP)
                  | [potion of mutation]
 22110 | Snake:1  | Gained mutation: Your mind is acute. (Int +4, Str/Dex -1)
                  | [potion of mutation]
 22110 | Snake:1  | Gained mutation: Your muscles are strong. (Str +4, Int/Dex
                  | -1) [potion of mutation]
 22110 | Snake:1  | Gained mutation: You have sharp toenails. [potion of
                  | mutation]
 22218 | Snake:1  | 22218 ||| INVOKING Heroism.
 22222 | Snake:1  | Identified the +3 shortbow of Won Maet {drain, *Corrode
                  | rElec rC+ Dex+3} (Okawaru gifted it to you on level 1 of
                  | the Snake Pit)
 22222 | Snake:1  | Received a gift from Okawaru
 22227 | Snake:1  | 22227 ||| Stepping ~*~*~tactically~*~*~ (outnumbered).
 22228 | Snake:1  | 22228 ||| Stepping ~*~*~tactically~*~*~ (outnumbered).
 22230 | Snake:1  | 22230 ||| Stepping ~*~*~tactically~*~*~ (outnumbered).
 22311 | Snake:1  | Found Woiriuq's Jewellery Shoppe.
 22312 | Snake:1  | Found Paguytemo's Book Boutique.
 22312 | Snake:1  | Found Suj Mesm's Book Boutique.
 22320 | Snake:1  | 22320 ||| BUYING ring of Ycwaczamp {Dex+2 SInv} (314 gold).
 22320 | Snake:1  | Bought the ring of Ycwaczamp {Dex+2 SInv} for 314 gold
                  | pieces
 22388 | Snake:1  | 22388 ||| UPGRADING to +0 pair of gloves of dexterity.
 22398 | Snake:1  | 22398 ||| DROPPING +2 pair of gloves.
 22399 | Snake:1  | 22399 ||| READING 2 scrolls of enchant armour.
 22399 | Snake:1  | 22399 ||| ENCHANTING +0 pair of gloves of dexterity.
 22400 | Snake:1  | 22400 ||| READING scroll of enchant armour.
 22400 | Snake:1  | 22400 ||| ENCHANTING +1 pair of gloves of dexterity.
 22401 | Snake:1  | 22401 ||| UPGRADING to +5 ring of evasion.
 22403 | Snake:1  | 22403 ||| DROPPING +6 ring of strength.
 22404 | Snake:1  | 22404 ||| UPGRADING to ring of Ycwaczamp {Dex+2 SInv}.
 22406 | Snake:1  | 22406 ||| DROPPING ring of see invisible.
 22457 | Snake:2  | 22457 ||| STAIRDANCE
 22465 | Snake:2  | 22465 ||| STAIRDANCE
 22467 | Snake:1  | 22467 ||| INVOKING Heroism.
 22478 | Snake:2  | 22478 ||| STAIRDANCE
 22490 | Snake:2  | 22490 ||| STAIRDANCE
 22502 | Snake:2  | 22502 ||| STAIRDANCE
 22509 | Snake:2  | 22509 ||| STAIRDANCE
 22513 | Snake:2  | 22513 ||| STAIRDANCE
 22523 | Snake:2  | 22523 ||| STAIRDANCE
 22531 | Snake:2  | 22531 ||| STAIRDANCE
 22564 | Snake:2  | Reached skill level 22 in Ranged Weapons
 22731 | Snake:2  | 22731 ||| INVOKING Heroism.
 22792 | Snake:2  | Noticed Louise
 22793 | Snake:2  | 22793 ||| INVOKING Heroism.
 22794 | Snake:2  | 22794 ||| INVOKING Finesse.
 22800 | Snake:2  | Killed Louise
 22853 | Snake:2  | Found Lokustrudd's Jewellery Boutique.
 22868 | Snake:2  | 22868 ||| SHOPLISTING amulet of faith (560 gold, have 416).
 22868 | Snake:2  | 22868 ||| SHOPLISTING ring "Duppo" {rF+++ Will+ MP+9 Int-2}
                  | (1143 gold, have 416).
 22868 | Snake:2  | 22868 ||| SHOPLISTING ring of Dishonesty {rC+ Int+3 Dex+3}
                  | (624 gold, have 416).
 22868 | Snake:2  | Found Linoppip's Assorted Antiques.
 22875 | Snake:2  | 22875 ||| BUYING potion of heal wounds (155 gold).
 22875 | Snake:2  | Bought a potion of heal wounds for 155 gold pieces
 22875 | Snake:2  | 22875 ||| BUYING potion of heal wounds (155 gold).
 22875 | Snake:2  | Bought a potion of heal wounds for 155 gold pieces
 23278 | Snake:3  | 23278 ||| STAIRDANCE
 23287 | Snake:3  | 23287 ||| STAIRDANCE
 23292 | Snake:3  | 23292 ||| Stepping ~*~*~tactically~*~*~ (retreating).
 23293 | Snake:3  | 23293 ||| Stepping ~*~*~tactically~*~*~ (retreating).
 23334 | Snake:3  | Noticed a nagaraja
 23335 | Snake:3  | 23335 ||| INVOKING Heroism.
 23338 | Snake:3  | Killed a nagaraja
 23378 | Snake:3  | 23378 ||| RETREATING.
 23380 | Snake:3  | 23380 ||| Stepping ~*~*~tactically~*~*~ (retreating).
 23408 | Snake:3  | 23408 ||| RETREATING.
 23410 | Snake:3  | 23410 ||| RETREATING.
 23413 | Snake:3  | 23413 ||| Stepping ~*~*~tactically~*~*~ (retreating).
 23415 | Snake:3  | 23415 ||| INVOKING Heroism.
 23421 | Snake:3  | Reached XP level 17. HP: 111/113 MP: 24/24
 23449 | Snake:3  | 23449 ||| RETREATING.
 23459 | Snake:3  | 23459 ||| Stepping ~*~*~tactically~*~*~ (outnumbered).
 23461 | Snake:3  | 23461 ||| RETREATING.
 23462 | Snake:3  | 23462 ||| Stepping ~*~*~tactically~*~*~ (outnumbered).
 23464 | Snake:3  | 23464 ||| RETREATING.
 23468 | Snake:3  | 23468 ||| Stepping ~*~*~tactically~*~*~ (outnumbered).
 23493 | Snake:3  | 23493 ||| RETREATING.
 23496 | Snake:3  | 23496 ||| INVOKING Heroism.
 23500 | Snake:3  | 23500 ||| RETREATING.
 23500 | Snake:3  | Noticed Vashnia
 23531 | Snake:3  | Killed Vashnia
 23663 | Snake:3  | Reached skill level 6 in Armour
 23709 | Snake:3  | Identified the +2 buckler of Histrionic Birdsong {rF+}
                  | (Okawaru gifted it to you on level 3 of the Snake Pit)
 23709 | Snake:3  | Received a gift from Okawaru
 23749 | Snake:3  | 23749 ||| Stepping ~*~*~tactically~*~*~ (retreating).
 23752 | Snake:3  | 23752 ||| RETREATING.
 23755 | Snake:3  | 23755 ||| Stepping ~*~*~tactically~*~*~ (retreating).
 23756 | Snake:3  | 23756 ||| Stepping ~*~*~tactically~*~*~ (retreating).
 23757 | Snake:3  | 23757 ||| Stepping ~*~*~tactically~*~*~ (retreating).
 23758 | Snake:3  | 23758 ||| Stepping ~*~*~tactically~*~*~ (retreating).
 23759 | Snake:3  | 23759 ||| Stepping ~*~*~tactically~*~*~ (retreating).
 23760 | Snake:3  | 23760 ||| Stepping ~*~*~tactically~*~*~ (retreating).
 24116 | Snake:3  | 24116 ||| PLANNING SHOALS:1-3
 24208 | Shoals:1 | Entered Level 1 of the Shoals
 24209 | Shoals:1 | 24209 ||| INVOKING Heroism.
 24237 | Shoals:1 | Noticed qw's ghost (adept GrHu)
 24240 | Shoals:1 | Found a runed translucent gate.
 24240 | Shoals:1 | Found a runed translucent gate.
 24240 | Shoals:1 | Found a runed translucent gate.
 24248 | Shoals:1 | Found Ysenaderr's Jewellery Boutique.
 24257 | Shoals:1 | 24257 ||| SHOPLISTING +6 ring of dexterity (540 gold, have
                  | 269).
 24304 | Shoals:1 | 24304 ||| INVOKING Heroism.
 24497 | Shoals:1 | Noticed a kraken
 24510 | Shoals:1 | Killed a kraken
 24656 | Shoals:1 | Noticed a kraken
 24667 | Shoals:1 | Killed a kraken
 24751 | Shoals:1 | Noticed Nikola
 24752 | Shoals:1 | 24752 ||| INVOKING Heroism.
 24753 | Shoals:1 | 24753 ||| INVOKING Finesse.
 24764 | Shoals:1 | Killed Nikola
 24788 | Shoals:1 | Found Wiybaena's Jewellery Shoppe.
 24801 | Shoals:1 | 24801 ||| SHOPLISTING ring of the Octopus King {rN+ HP+2
                  | AC+2 EV+2 SH+2} (846 gold, have 329).
 24954 | Shoals:1 | 24954 ||| Stepping ~*~*~tactically~*~*~ (outnumbered).
 24957 | Shoals:1 | 24957 ||| RETREATING.
 24961 | Shoals:1 | 24961 ||| Stepping ~*~*~tactically~*~*~ (retreating).
 24968 | Shoals:1 | 24968 ||| Stepping ~*~*~tactically~*~*~ (retreating).
 24975 | Shoals:1 | 24975 ||| Stepping ~*~*~tactically~*~*~ (retreating).
 24980 | Shoals:1 | 24980 ||| Stepping ~*~*~tactically~*~*~ (retreating).
 24983 | Shoals:1 | 24983 ||| Stepping ~*~*~tactically~*~*~ (retreating).
 24986 | Shoals:1 | 24986 ||| Stepping ~*~*~tactically~*~*~ (retreating).
 24990 | Shoals:1 | 24990 ||| Stepping ~*~*~tactically~*~*~ (retreating).
 24991 | Shoals:1 | 24991 ||| Stepping ~*~*~tactically~*~*~ (retreating).
 24992 | Shoals:1 | 24992 ||| Stepping ~*~*~tactically~*~*~ (retreating).
 24994 | Shoals:1 | 24994 ||| Stepping ~*~*~tactically~*~*~ (retreating).
 24995 | Shoals:1 | 24995 ||| Stepping ~*~*~tactically~*~*~ (retreating).
 24996 | Shoals:1 | 24996 ||| Stepping ~*~*~tactically~*~*~ (retreating).
 24997 | Shoals:1 | 24997 ||| Stepping ~*~*~tactically~*~*~ (retreating).
 24998 | Shoals:1 | 24998 ||| Stepping ~*~*~tactically~*~*~ (retreating).
 25004 | Shoals:1 | 25004 ||| Stepping ~*~*~tactically~*~*~ (retreating).
 25006 | Shoals:1 | 25006 ||| Stepping ~*~*~tactically~*~*~ (retreating).
 25007 | Shoals:1 | 25007 ||| Stepping ~*~*~tactically~*~*~ (retreating).
 25029 | Shoals:1 | 25029 ||| Stepping ~*~*~tactically~*~*~ (retreating).
 25030 | Shoals:1 | 25030 ||| Stepping ~*~*~tactically~*~*~ (retreating).
 25031 | Shoals:1 | 25031 ||| Stepping ~*~*~tactically~*~*~ (retreating).
 25032 | Shoals:1 | 25032 ||| Stepping ~*~*~tactically~*~*~ (retreating).
 25033 | Shoals:1 | 25033 ||| Stepping ~*~*~tactically~*~*~ (retreating).
 25034 | Shoals:1 | 25034 ||| Stepping ~*~*~tactically~*~*~ (retreating).
 25035 | Shoals:1 | 25035 ||| Stepping ~*~*~tactically~*~*~ (retreating).
 25036 | Shoals:1 | 25036 ||| Stepping ~*~*~tactically~*~*~ (retreating).
 25037 | Shoals:1 | 25037 ||| Stepping ~*~*~tactically~*~*~ (retreating).
 25038 | Shoals:1 | 25038 ||| INVOKING Heroism.
 25102 | Shoals:1 | 25102 ||| RETREATING.
 25103 | Shoals:1 | 25103 ||| FLEEEEING.
 25120 | Shoals:1 | 25120 ||| RETREATING.
 25219 | Shoals:2 | 25219 ||| INVOKING Heroism.
 25220 | Shoals:2 | 25220 ||| INVOKING Finesse.
 25537 | Shoals:2 | 25537 ||| RETREATING.
 25584 | Shoals:2 | Noticed Polyphemus
 25585 | Shoals:2 | 25585 ||| RETREATING.
 25593 | Shoals:2 | 25593 ||| INVOKING Heroism.
 25594 | Shoals:2 | 25594 ||| Stepping ~*~*~tactically~*~*~ (outnumbered).
 25595 | Shoals:2 | 25595 ||| RETREATING.
 25596 | Shoals:2 | 25596 ||| INVOKING Finesse.
 25612 | Shoals:2 | Killed Polyphemus
 26095 | Shoals:3 | Reached skill level 18 in Fighting
 26102 | Shoals:3 | Identified the -1 buckler of Refuge {+Blink rPois Dex-5}
                  | (Okawaru gifted it to you on level 3 of the Shoals)
 26102 | Shoals:3 | Received a gift from Okawaru
 26106 | Shoals:3 | 26106 ||| INVOKING Heroism.
 26128 | Shoals:3 | 26128 ||| INVOKING Heroism.
 26143 | Shoals:3 | Reached XP level 18. HP: 125/125 MP: 25/25
 26188 | Shoals:3 | Found Ehigges's Book Shop.
 26192 | Shoals:3 | 26192 ||| INVOKING Heroism.
 26193 | Shoals:3 | 26193 ||| INVOKING Finesse.
 26393 | Shoals:3 | Identified the ring "Qumoth" {rPois AC+4 Dex+2}
 26710 | Shoals:3 | 26710 ||| PLANNING SNAKE:4
 26710 | Shoals:3 | 26710 ||| DROPPING +5 ring of evasion.
 26711 | Shoals:3 | 26711 ||| UPGRADING to ring "Qumoth" {rPois AC+4 Dex+2}.
 26856 | Snake:4  | Entered Level 4 of the Snake Pit
 26952 | Snake:4  | 26952 ||| Stepping ~*~*~tactically~*~*~ (retreating).
 26956 | Snake:4  | 26956 ||| Stepping ~*~*~tactically~*~*~ (retreating).
 27014 | Snake:4  | 27014 ||| Stepping ~*~*~tactically~*~*~ (outnumbered).
 27016 | Snake:4  | 27016 ||| Stepping ~*~*~tactically~*~*~ (outnumbered).
 27017 | Snake:4  | 27017 ||| Stepping ~*~*~tactically~*~*~ (outnumbered).
 27019 | Snake:4  | 27019 ||| Stepping ~*~*~tactically~*~*~ (outnumbered).
 27021 | Snake:4  | 27021 ||| Stepping ~*~*~tactically~*~*~ (outnumbered).
 27023 | Snake:4  | 27023 ||| Stepping ~*~*~tactically~*~*~ (outnumbered).
 27025 | Snake:4  | 27025 ||| Stepping ~*~*~tactically~*~*~ (outnumbered).
 27027 | Snake:4  | 27027 ||| Stepping ~*~*~tactically~*~*~ (outnumbered).
 27030 | Snake:4  | 27030 ||| Stepping ~*~*~tactically~*~*~ (retreating).
 27031 | Snake:4  | 27031 ||| RETREATING.
 27039 | Snake:4  | 27039 ||| Stepping ~*~*~tactically~*~*~ (outnumbered).
 27040 | Snake:4  | 27040 ||| Stepping ~*~*~tactically~*~*~ (outnumbered).
 27042 | Snake:4  | 27042 ||| Stepping ~*~*~tactically~*~*~ (outnumbered).
 27060 | Snake:4  | Found a runed translucent door.
 27061 | Snake:4  | Noticed qw's ghost (adept GrHu)
 27089 | Snake:4  | Reached skill level 12 in Dodging
 27099 | Snake:4  | 27099 ||| RETREATING.
 27134 | Snake:4  | 27134 ||| Stepping ~*~*~tactically~*~*~ (outnumbered).
 27145 | Snake:4  | 27145 ||| INVOKING Heroism.
 27203 | Snake:4  | 27203 ||| INVOKING Heroism.
 27305 | Snake:4  | 27305 ||| INVOKING Heroism.
 27326 | Snake:4  | 27326 ||| Stepping ~*~*~tactically~*~*~ (outnumbered).
 27330 | Snake:4  | 27330 ||| RETREATING.
 27336 | Snake:4  | 27336 ||| Stepping ~*~*~tactically~*~*~ (outnumbered).
 27343 | Snake:4  | 27343 ||| Stepping ~*~*~tactically~*~*~ (outnumbered).
 27344 | Snake:4  | 27344 ||| Stepping ~*~*~tactically~*~*~ (retreating).
 27346 | Snake:4  | 27346 ||| INVOKING Heroism.
 27358 | Snake:4  | 27358 ||| Stepping ~*~*~tactically~*~*~ (outnumbered).
 27444 | Snake:4  | Identified the +3 leather armour of Weirph {Will+}
 27815 | Snake:4  | 27815 ||| INVOKING Heroism.
 27900 | Snake:4  | 27900 ||| INVOKING Heroism.
 27956 | Snake:4  | 27956 ||| INVOKING Heroism.
 28009 | Snake:4  | Got a serpentine rune of Zot
 28090 | Snake:4  | 28090 ||| PLANNING VAULTS:1-4
 28090 | Snake:4  | 28090 ||| DROPPING amulet of regeneration.
 28306 | Vaults:1 | Entered Level 1 of the Vaults
 28316 | Vaults:1 | 28316 ||| RIP OSSUARY
 28316 | Vaults:1 | 28316 ||| PLANNING D:1-11
 28473 | D:4      | 28473 ||| PLANNING LAIR
 28734 | Lair:5   | 28734 ||| PLANNING D:1-11
 29104 | D:11     | 29104 ||| PLANNING D
 29188 | D:15     | 29188 ||| PLANNING ORC
 29296 | Orc:2    | 29296 ||| PLANNING SHOALS:1-3
 29443 | Shoals:3 | 29443 ||| PLANNING SNAKE:1-3
 29552 | Snake:3  | 29552 ||| PLANNING SHOALS:4
 29673 | Shoals:4 | Entered Level 4 of the Shoals
 29785 | Shoals:4 | Found a glowing silver altar of Zin.
 29786 | Shoals:4 | 29786 ||| Stepping ~*~*~tactically~*~*~ (outnumbered).
 29788 | Shoals:4 | 29788 ||| RETREATING.
 29792 | Shoals:4 | 29792 ||| INVOKING Heroism.
 29793 | Shoals:4 | 29793 ||| Stepping ~*~*~tactically~*~*~ (outnumbered).
 29794 | Shoals:4 | 29794 ||| Stepping ~*~*~tactically~*~*~ (outnumbered).
 30035 | Shoals:4 | 30035 ||| DROPPING +2 pair of gloves of dexterity.
 30053 | Shoals:4 | 30053 ||| INVOKING Heroism.
 30055 | Shoals:4 | Reached XP level 19. HP: 75/133 MP: 26/26
 30123 | Shoals:4 | Found a glowing golden altar of the Shining One.
 30124 | Shoals:4 | 30124 ||| Stepping ~*~*~tactically~*~*~ (outnumbered).
 30126 | Shoals:4 | 30126 ||| Stepping ~*~*~tactically~*~*~ (outnumbered).
 30128 | Shoals:4 | 30128 ||| Stepping ~*~*~tactically~*~*~ (outnumbered).
 30131 | Shoals:4 | 30131 ||| Stepping ~*~*~tactically~*~*~ (outnumbered).
 30133 | Shoals:4 | 30133 ||| Stepping ~*~*~tactically~*~*~ (retreating).
 30134 | Shoals:4 | 30134 ||| INVOKING Heroism.
 30135 | Shoals:4 | Identified the ring of the Chimera {rC- Dex+6 Slay+5}
 30144 | Shoals:4 | 30144 ||| Stepping ~*~*~tactically~*~*~ (outnumbered).
 30145 | Shoals:4 | 30145 ||| Stepping ~*~*~tactically~*~*~ (retreating).
 30160 | Shoals:4 | 30160 ||| INVOKING Heroism.
 30244 | Shoals:4 | Found a white marble altar of Elyvilon.
 30245 | Shoals:4 | 30245 ||| Stepping ~*~*~tactically~*~*~ (outnumbered).
 30247 | Shoals:4 | 30247 ||| Stepping ~*~*~tactically~*~*~ (outnumbered).
 30249 | Shoals:4 | 30249 ||| Stepping ~*~*~tactically~*~*~ (outnumbered).
 30251 | Shoals:4 | 30251 ||| Stepping ~*~*~tactically~*~*~ (outnumbered).
 30253 | Shoals:4 | 30253 ||| Stepping ~*~*~tactically~*~*~ (outnumbered).
 30258 | Shoals:4 | 30258 ||| RETREATING.
 30259 | Shoals:4 | 30259 ||| Stepping ~*~*~tactically~*~*~ (outnumbered).
 30261 | Shoals:4 | 30261 ||| Stepping ~*~*~tactically~*~*~ (retreating).
 30262 | Shoals:4 | 30262 ||| INVOKING Heroism.
 30263 | Shoals:4 | 30263 ||| INVOKING Finesse.
 30270 | Shoals:4 | 30270 ||| Stepping ~*~*~tactically~*~*~ (outnumbered).
 30271 | Shoals:4 | 30271 ||| Stepping ~*~*~tactically~*~*~ (outnumbered).
 30272 | Shoals:4 | 30272 ||| RETREATING.
 30279 | Shoals:4 | 30279 ||| Stepping ~*~*~tactically~*~*~ (retreating).
 30296 | Shoals:4 | 30296 ||| INVOKING Heroism.
 30297 | Shoals:4 | 30297 ||| Stepping ~*~*~tactically~*~*~ (retreating).
 30298 | Shoals:4 | 30298 ||| Stepping ~*~*~tactically~*~*~ (retreating).
 30300 | Shoals:4 | 30300 ||| Stepping ~*~*~tactically~*~*~ (retreating).
 30301 | Shoals:4 | 30301 ||| Stepping ~*~*~tactically~*~*~ (retreating).
 30302 | Shoals:4 | 30302 ||| Stepping ~*~*~tactically~*~*~ (retreating).
 30306 | Shoals:4 | 30306 ||| Stepping ~*~*~tactically~*~*~ (outnumbered).
 30307 | Shoals:4 | 30307 ||| Stepping ~*~*~tactically~*~*~ (outnumbered).
 30326 | Shoals:4 | 30326 ||| INVOKING Finesse.
 30410 | Shoals:4 | Got a barnacled rune of Zot
 30518 | Shoals:4 | 30518 ||| PLANNING VAULTS:1-4
 30518 | Shoals:4 | 30518 ||| UPGRADING to ring of the Chimera {rC- Dex+6
                  | Slay+5}.
 30520 | Shoals:4 | 30520 ||| DROPPING +5 ring of evasion.
 30521 | Shoals:4 | 30521 ||| DROPPING ring of protection from fire.
 30811 | Vaults:1 | 30811 ||| INVOKING Heroism.
 30812 | Vaults:1 | 30812 ||| RIP OSSUARY
 30812 | Vaults:1 | 30812 ||| PLANNING D:1-11
 30813 | Vaults:1 | Noticed Sojobo
 30814 | Vaults:1 | Noticed Asterion
 30819 | Vaults:1 | Killed Asterion
 30834 | Vaults:1 | Paralysed by an air elemental for 1 turns
 30839 | Vaults:1 | Paralysed by an air elemental for 1 turns
 30848 | Vaults:1 | HP: 16/135 [Sojobo/the air (24)]
 30849 | Vaults:1 | 30849 ||| READING 15 scrolls of teleportation.
 30849 | Vaults:1 | Paralysed by an air elemental for 1 turns
 30851 | Vaults:1 | 30851 ||| Stepping ~*~*~tactically~*~*~ (outnumbered).
 30852 | Vaults:1 | 30852 ||| INVOKING Heroism.
 30866 | Vaults:1 | 30866 ||| Stepping ~*~*~tactically~*~*~ (retreating).
 30867 | Vaults:1 | 30867 ||| Stepping ~*~*~tactically~*~*~ (retreating).
 30868 | Vaults:1 | 30868 ||| Stepping ~*~*~tactically~*~*~ (retreating).
 30893 | Vaults:1 | 30893 ||| Stepping randomly (stuck).
 30894 | Vaults:1 | 30894 ||| Stepping randomly (stuck).
 30895 | Vaults:1 | 30895 ||| Stepping randomly (stuck).
 30896 | Vaults:1 | 30896 ||| Stepping randomly (stuck).
 30897 | Vaults:1 | 30897 ||| Stepping randomly (stuck).
 30898 | Vaults:1 | 30898 ||| Stepping randomly (stuck).
 30899 | Vaults:1 | 30899 ||| Stepping randomly (stuck).
 30900 | Vaults:1 | 30900 ||| Stepping randomly (stuck).
 30901 | Vaults:1 | 30901 ||| Stepping randomly (stuck).
 30902 | Vaults:1 | 30902 ||| Stepping randomly (stuck).
 30903 | Vaults:1 | 30903 ||| Stepping randomly (stuck).
 30904 | Vaults:1 | 30904 ||| Stepping randomly (stuck).
 31019 | Vaults:1 | 31019 ||| Stepping randomly (stuck).
 31020 | Vaults:1 | 31020 ||| Stepping randomly (stuck).
 31021 | Vaults:1 | 31021 ||| Stepping randomly (stuck).
 31022 | Vaults:1 | 31022 ||| Stepping randomly (stuck).
 31023 | Vaults:1 | 31023 ||| Stepping randomly (stuck).
 31024 | Vaults:1 | 31024 ||| Stepping randomly (stuck).
 31025 | Vaults:1 | 31025 ||| Stepping randomly (stuck).
 31026 | Vaults:1 | 31026 ||| Stepping randomly (stuck).
 31027 | Vaults:1 | 31027 ||| Stepping randomly (stuck).
 31028 | Vaults:1 | 31028 ||| Stepping randomly (stuck).
 31029 | Vaults:1 | 31029 ||| Stepping randomly (stuck).
 31030 | Vaults:1 | 31030 ||| Stepping randomly (stuck).
 31031 | Vaults:1 | 31031 ||| Stepping randomly (stuck).
 31032 | Vaults:1 | 31032 ||| Stepping randomly (stuck).
 31033 | Vaults:1 | 31033 ||| Stepping randomly (stuck).
 31034 | Vaults:1 | 31034 ||| Stepping randomly (stuck).
 31035 | Vaults:1 | 31035 ||| Stepping randomly (stuck).
 31036 | Vaults:1 | 31036 ||| Stepping randomly (stuck).
 31037 | Vaults:1 | 31037 ||| Stepping randomly (stuck).
 31038 | Vaults:1 | 31038 ||| Stepping randomly (stuck).
 31039 | Vaults:1 | 31039 ||| Stepping randomly (stuck).
 31040 | Vaults:1 | 31040 ||| Stepping randomly (stuck).
 31041 | Vaults:1 | 31041 ||| Stepping randomly (stuck).
 31042 | Vaults:1 | 31042 ||| Stepping randomly (stuck).
 31043 | Vaults:1 | 31043 ||| Stepping randomly (stuck).
 31044 | Vaults:1 | 31044 ||| Stepping randomly (stuck).
 31045 | Vaults:1 | 31045 ||| Stepping randomly (stuck).
 31046 | Vaults:1 | 31046 ||| Stepping randomly (stuck).
 31047 | Vaults:1 | 31047 ||| Stepping randomly (stuck).
 31048 | Vaults:1 | 31048 ||| Stepping randomly (stuck).
 31049 | Vaults:1 | 31049 ||| Stepping randomly (stuck).
 31050 | Vaults:1 | 31050 ||| Stepping randomly (stuck).
 31051 | Vaults:1 | 31051 ||| Stepping randomly (stuck).
 31052 | Vaults:1 | 31052 ||| Stepping randomly (stuck).
 31053 | Vaults:1 | 31053 ||| Stepping randomly (stuck).
 31054 | Vaults:1 | 31054 ||| Stepping randomly (stuck).
 31055 | Vaults:1 | 31055 ||| Stepping randomly (stuck).
 31056 | Vaults:1 | 31056 ||| Stepping randomly (stuck).
 31057 | Vaults:1 | 31057 ||| Stepping randomly (stuck).
 31058 | Vaults:1 | 31058 ||| READING 14 scrolls of teleportation.
 31061 | Vaults:1 | 31061 ||| READING 13 scrolls of teleportation.
 31064 | Vaults:1 | 31064 ||| READING 12 scrolls of teleportation.
 31069 | Vaults:1 | 31069 ||| INVOKING Heroism.
 31070 | Vaults:1 | 31070 ||| INVOKING Finesse.
 31081 | Vaults:1 | Killed Sojobo
 31305 | D:4      | 31305 ||| PLANNING LAIR
 31566 | Lair:5   | 31566 ||| PLANNING D:1-11
 31902 | D:11     | 31902 ||| PLANNING D
 31986 | D:15     | 31986 ||| PLANNING ORC
 32094 | Orc:2    | 32094 ||| PLANNING SHOALS:1-3
 32241 | Shoals:3 | 32241 ||| PLANNING SNAKE:1-3
 32352 | Snake:3  | 32352 ||| PLANNING SHOALS:4
 32473 | Shoals:4 | 32473 ||| PLANNING VAULTS:1-4
 32826 | Vaults:1 | 32826 ||| RETREATING.
 32831 | Vaults:1 | 32831 ||| RETREATING.
 32833 | Vaults:1 | 32833 ||| RETREATING.
 32846 | Vaults:1 | Identified the +0 ring mail of Resourcefulness {rCorr
                  | Dex+3} (Okawaru gifted it to you on level 1 of the Vaults)
 32846 | Vaults:1 | Received a gift from Okawaru
 33023 | Vaults:1 | Found Jopiutub's Armour Shoppe.
 33113 | Vaults:1 | Noticed Zenata
 33114 | Vaults:1 | 33114 ||| Stepping ~*~*~tactically~*~*~ (retreating).
 33115 | Vaults:1 | 33115 ||| Stepping ~*~*~tactically~*~*~ (retreating).
 33116 | Vaults:1 | 33116 ||| INVOKING Heroism.
 33117 | Vaults:1 | 33117 ||| INVOKING Finesse.
 33130 | Vaults:1 | Killed Zenata
 33389 | Vaults:1 | Reached skill level 15 in Dodging
 33476 | Vaults:1 | 33476 ||| INVOKING Heroism.
 33539 | Vaults:1 | Found Vaonir's General Store.
 33544 | Vaults:1 | 33544 ||| BUYING potion of haste (200 gold).
 33544 | Vaults:1 | Bought a potion of haste for 200 gold pieces
 33572 | Vaults:1 | 33572 ||| RETREATING.
 33575 | Vaults:1 | 33575 ||| Stepping ~*~*~tactically~*~*~ (retreating).
 33576 | Vaults:1 | 33576 ||| Stepping ~*~*~tactically~*~*~ (retreating).
 33577 | Vaults:1 | 33577 ||| Stepping ~*~*~tactically~*~*~ (retreating).
 33875 | Vaults:1 | 33875 ||| READING 11 scrolls of identify.
 33875 | Vaults:1 | 33875 ||| IDENTIFYING coppery potion
 33876 | Vaults:1 | 33876 ||| DROPPING potion of berserk rage.
 33907 | Vaults:2 | 33907 ||| RETREATING.
 33950 | Vaults:2 | 33950 ||| RETREATING.
 33985 | Vaults:2 | 33985 ||| Stepping ~*~*~tactically~*~*~ (outnumbered).
 33988 | Vaults:2 | 33988 ||| Stepping ~*~*~tactically~*~*~ (outnumbered).
 33994 | Vaults:2 | 33994 ||| Stepping ~*~*~tactically~*~*~ (retreating).
 33995 | Vaults:2 | 33995 ||| Stepping ~*~*~tactically~*~*~ (retreating).
 33998 | Vaults:2 | Reached XP level 20. HP: 107/142 MP: 27/27
 34000 | Vaults:2 | Reached skill level 21 in Fighting
 34011 | Vaults:2 | 34011 ||| INVOKING Heroism.
 34133 | Vaults:2 | 34133 ||| INVOKING Heroism.
 34136 | Vaults:2 | 34136 ||| Stepping ~*~*~tactically~*~*~ (outnumbered).
 34154 | Vaults:2 | 34154 ||| Stepping ~*~*~tactically~*~*~ (retreating).
 34155 | Vaults:2 | 34155 ||| Stepping ~*~*~tactically~*~*~ (retreating).
 34156 | Vaults:2 | 34156 ||| Stepping ~*~*~tactically~*~*~ (retreating).
 34157 | Vaults:2 | 34157 ||| Stepping ~*~*~tactically~*~*~ (retreating).
 34158 | Vaults:2 | 34158 ||| Stepping ~*~*~tactically~*~*~ (retreating).
 34159 | Vaults:2 | 34159 ||| Stepping ~*~*~tactically~*~*~ (retreating).
 34174 | Vaults:2 | 34174 ||| INVOKING Heroism.
 34229 | Vaults:2 | Found a staircase to the Crypt.
 34230 | Vaults:2 | 34230 ||| RETREATING.
 34232 | Vaults:2 | 34232 ||| RETREATING.
 34234 | Vaults:2 | 34234 ||| RETREATING.
 34236 | Vaults:2 | 34236 ||| RETREATING.
 34241 | Vaults:2 | 34241 ||| Stepping ~*~*~tactically~*~*~ (retreating).
 34242 | Vaults:2 | 34242 ||| Stepping ~*~*~tactically~*~*~ (outnumbered).
 34398 | Vaults:2 | 34398 ||| Stepping ~*~*~tactically~*~*~ (retreating).
 34461 | Vaults:2 | 34461 ||| INVOKING Heroism.
 34463 | Vaults:2 | 34463 ||| RETREATING.
 34859 | Vaults:2 | Found Moesmoept's Armour Shop.
 34861 | Vaults:2 | 34861 ||| Stepping ~*~*~tactically~*~*~ (outnumbered).
 34863 | Vaults:2 | 34863 ||| Stepping ~*~*~tactically~*~*~ (outnumbered).
 34949 | Vaults:2 | Reached skill level 9 in Armour
 35070 | Vaults:2 | 35070 ||| Stepping ~*~*~tactically~*~*~ (outnumbered).
 35142 | Vaults:2 | 35142 ||| RETREATING.
 35154 | Vaults:2 | 35154 ||| INVOKING Heroism.
 35160 | Vaults:2 | Received a gift from Okawaru
 35386 | Vaults:2 | 35386 ||| DROPPING scarf of invisibility.
 35387 | Vaults:2 | 35387 ||| DROPPING ring of wizardry.
 35389 | Vaults:2 | 35389 ||| Stepping ~*~*~tactically~*~*~ (retreating).
 35390 | Vaults:2 | 35390 ||| Stepping ~*~*~tactically~*~*~ (retreating).
 35392 | Abyss:2  | Cast into level 2 of the Abyss (a wizard)
 35524 | Abyss:2  | 35524 ||| Stepping ~*~*~tactically~*~*~ (outnumbered).
 35526 | Abyss:2  | 35526 ||| RETREATING.
 35531 | Abyss:2  | 35531 ||| Stepping ~*~*~tactically~*~*~ (retreating).
 35532 | Abyss:2  | 35532 ||| Stepping ~*~*~tactically~*~*~ (retreating).
 35532 | Abyss:2  | Paralysed by accursed screaming for 1 turns
 35533 | Abyss:2  | 35533 ||| Stepping ~*~*~tactically~*~*~ (retreating).
 35534 | Abyss:2  | 35534 ||| Stepping ~*~*~tactically~*~*~ (retreating).
 35535 | Abyss:2  | 35535 ||| Stepping ~*~*~tactically~*~*~ (retreating).
 35538 | Abyss:2  | 35538 ||| Stepping ~*~*~tactically~*~*~ (retreating).
 35539 | Abyss:2  | 35539 ||| Stepping ~*~*~tactically~*~*~ (retreating).
 35560 | Abyss:2  | 35560 ||| Stepping ~*~*~tactically~*~*~ (outnumbered).
 35564 | Abyss:2  | 35564 ||| Stepping ~*~*~tactically~*~*~ (outnumbered).
 35617 | Abyss:2  | 35617 ||| RETREATING.
 35619 | Abyss:2  | 35619 ||| DRINKING 11 potions of curing.
 35619 | Abyss:2  | 35619 ||| (to cure confusion)
 35620 | Abyss:2  | 35620 ||| Stepping ~*~*~tactically~*~*~ (retreating).
 35621 | Abyss:2  | 35621 ||| Stepping ~*~*~tactically~*~*~ (retreating).
 35622 | Abyss:2  | 35622 ||| Stepping ~*~*~tactically~*~*~ (retreating).
 35623 | Abyss:2  | 35623 ||| Stepping ~*~*~tactically~*~*~ (retreating).
 35624 | Abyss:2  | 35624 ||| Stepping ~*~*~tactically~*~*~ (retreating).
 35625 | Abyss:2  | 35625 ||| Stepping ~*~*~tactically~*~*~ (retreating).
 35626 | Abyss:2  | 35626 ||| Stepping ~*~*~tactically~*~*~ (retreating).
 35632 | Abyss:2  | 35632 ||| INVOKING Heroism.
 35633 | Abyss:2  | 35633 ||| INVOKING Finesse.
 35643 | Abyss:2  | 35643 ||| Stepping ~*~*~tactically~*~*~ (retreating).
 35644 | Abyss:2  | 35644 ||| Stepping ~*~*~tactically~*~*~ (retreating).
 35660 | Abyss:2  | 35660 ||| Stepping ~*~*~tactically~*~*~ (retreating).
 35661 | Abyss:2  | 35661 ||| Stepping ~*~*~tactically~*~*~ (retreating).
 35662 | Abyss:2  | 35662 ||| Stepping ~*~*~tactically~*~*~ (retreating).
 35702 | Abyss:2  | 35702 ||| RETREATING.
 35707 | Abyss:2  | 35707 ||| Stepping ~*~*~tactically~*~*~ (retreating).
 35707 | Abyss:2  | Noticed a profane servitor
 35708 | Abyss:2  | 35708 ||| Stepping ~*~*~tactically~*~*~ (retreating).
 35709 | Abyss:2  | 35709 ||| Stepping ~*~*~tactically~*~*~ (retreating).
 35710 | Abyss:2  | 35710 ||| Stepping ~*~*~tactically~*~*~ (retreating).
 35711 | Abyss:2  | 35711 ||| Stepping ~*~*~tactically~*~*~ (retreating).
 35712 | Abyss:2  | 35712 ||| Stepping ~*~*~tactically~*~*~ (retreating).
 35713 | Abyss:2  | 35713 ||| Stepping ~*~*~tactically~*~*~ (retreating).
 35714 | Abyss:2  | 35714 ||| Stepping ~*~*~tactically~*~*~ (retreating).
 35715 | Abyss:2  | 35715 ||| Stepping ~*~*~tactically~*~*~ (retreating).
 35715 | Abyss:2  | Paralysed by accursed screaming for 2 turns
 35716 | Abyss:2  | HP: 30/145 [starcursed mass/accursed screaming (18)]
 35717 | Abyss:2  | 35717 ||| READING 12 scrolls of teleportation.
 35718 | Abyss:2  | 35718 ||| Stepping ~*~*~tactically~*~*~ (outnumbered).
 35719 | Abyss:2  | 35719 ||| Stepping ~*~*~tactically~*~*~ (outnumbered).
 35720 | Abyss:2  | 35720 ||| Stepping ~*~*~tactically~*~*~ (retreating).
 35721 | Abyss:2  | 35721 ||| Stepping ~*~*~tactically~*~*~ (retreating).
 35721 | Abyss:2  | HP: 6/145 [starcursed mass/accursed screaming (16)]
 35721 | Abyss:2  | Paralysed by accursed screaming for 2 turns
 35723 | Abyss:2  | 35723 ||| Stepping ~*~*~tactically~*~*~ (retreating).
 35724 | Abyss:2  | 35724 ||| Stepping ~*~*~tactically~*~*~ (retreating).
 35725 | Abyss:2  | 35725 ||| Stepping ~*~*~tactically~*~*~ (retreating).
 35726 | Abyss:2  | 35726 ||| Stepping ~*~*~tactically~*~*~ (retreating).
 35726 | Abyss:2  | HP: 7/145 [salamander/+0 halberd (13)]
 35726 | Abyss:2  | Slain by a salamander

Levels and vault maps discovered:
D:1:      dpeg_arrival_fog, layout_loops_ring
D:2:      layout_loops_cross, minmay_misc_feat_nine_boxes, grunt_decor_junction
D:3:      layout_loops_corners, st_stairs_8
D:4:      layout_basic, tso_oasis_becter, serial_shops, nicolae_shop_drivethru,
          gup_sewer_entry_bowl, nicolae_shop_firing_range
D:5:      layout_rooms, lemuel_coloured_pillars_altar, serial_shops,
          nicolae_shop_pleasant_corner_grove, kennysheep_decorative_pillar,
          minmay_tree_intersection
D:6:      layout_basic, minmay_temple_entry_junction, serial_shops,
          nicolae_lakefront_shop, kennysheep_generic_room_16
D:7:      lemuel_insect_pit, layout_basic, kennysheep_ying_yang
D:8:      layout_layer_cave, enter_bailey_2, serial_undead, serial_undead_f,
          serial_undead_e, serial_undead_b, serial_undead_f
D:9:      layout_cave_pools, marbit_many_paths
D:10:     layout_loops_corners, gammafunk_temple_overflow_elements,
          worldfamousw_hep_ancestral_shrine, nicolae_dithmenos_the_darkroom,
          erik_lair_orcish_takeover, hiddenorc2_lemuel
D:11:     layout_rooms, hellmonk_ghost_happy_afterlife, lightli_church_of_beogh
D:12:     minmay_concentric_multi, layout_cave_pods, serial_column_ruins,
          column_ruins_columns_straight, column_ruins_corridor_straight,
          column_ruins_open_tiny
D:13:     layout_basic, minmay_guarded_unrand_resistance, uniq_lodul
D:14:     layout_irregular_city, david_vaults_3, infiniplex_staircase_pool_2,
          minmay_hollow_rounded_squares
D:15:     gammafunk_depths_entry_grave, layout_layer_cave, zin_angel,
          uniq_rupert
Temple:   nicolae_temple_bog_church
Lair:1:   layout_small_grid, portal_ice_cave_entry_pillars_2, lemuel_fruit_tree,
          uniq_nergalle
Lair:2:   layout_big_grid, guppyfry_snake_entry_island,
          hellmonk_guarded_unrand_vines
Lair:3:   layout_cave_pods, minmay_shoals_entry_centaurs,
          hangedman_lair_generics_rect, serial_bayou_shore_b
Lair:4:   gammafunk_boulding_lane, layout_layer_cave, lemuel_fruit_fields
Lair:5:   cheibrodos_lair_end_hotspot, layout_long_grid,
          dpeg_slime_entry_enclosed
Shoals:1: layout_shoals, serial_shops, shop, gammafunk_ghost_split,
          minmay_shop_enchanted_jewellery, nicolae_shoals_spring_well_temple,
          uniq_nikola
Shoals:2: layout_shoals, uniq_polyphemus
Shoals:3: layout_shoals, serial_shops, nicolae_shop_waterfront,
          nicolae_shoals_bring_sunscreen
Shoals:4: shoals_end_hellmonk_holy_island, serial_shops
Snake:1:  layout_chambers, gammafunk_ghost_berserking_beasts,
          nicolae_snake_serpentine_bazaar, minmay_shop_grove
Snake:2:  layout_gridlike, grunt_megastairs_2, minmay_shoptagon, uniq_louise
Snake:3:  layout_misc_corridors, serial_bayou_shore_b, grunt_megastairs_4,
          uniq_vashnia
Snake:4:  minmay_snake_end_coiled, layout_gridlike, gammafunk_ghost_grave,
          nicolae_triple_integral
Orc:1:    layout_caves, minmay_orc_keep
Orc:2:    kennysheep_orc_mage_school, layout_diamond_mine,
          gauntlet_entry_generic
Vaults:1: nicolae_vaults_closet_pinwheel_6, nicolae_vaults_more_shelving_2,
          v_misc_18, grunt_vaults_diagonal, nicolae_vaults_shelves_hall,
          v_misc_13, hangedman_vaults_slither, sword_in_stone,
          nicolae_vaults_big_ls, vaults_dpeg_ring, layout_vaults_omnigrid,
          serial_shops, shop, shop, uniq_zenata
Vaults:2: nicolae_vaults_little_squares_5, nicolae_vaults_trapezoid_layered,
          vaults_dpeg_doors, hangedman_vaults_maws, nicolae_vaults_shelves_hall,
          hangedman_vaults_nails, minmay_crypt_entry_simple_round,
          hangedman_vaults_cutoff, vaults_room_pool,
          nicolae_vaults_taking_the_gang_shopping, nicolae_vaults_heist,
          nicolae_vaults_doubleplus_tesselated, nicolae_vaults_apartment_1,
          vaults_room_ringed_pool, st_more_cells, nicolae_vaults_tetromino_T_1,
          layout_vaults_big_cross
Abyss:2:  base: Lair:4, minivault_13

Skill      XL: |  1  2  3  4  5  6  7  8  9 10 11 12 13 14 15 16 17 18 19 20 |
---------------+-------------------------------------------------------------+-----
Ranged Weapons | 5 6 7 8 10 11 13 14 15 17 19 20 22 | 22.0
Armour         | 1 2 3 4 5 7 8 9 |  9.0
Fighting       | 3 4 5 6 8 9 10 11 13 14 15 18 19 20 21 | 21.9
Dodging        | 2 3 4 5 6 7 8 9 10 11 13 15 16 | 16.0
Invocations    | 1 4 6 10 | 10.0
Stealth        | |  1.1

Action                     |  1- 3 |  4- 6 |  7- 9 | 10-12 | 13-15 | 16-18 | 19-21 || total
---------------------------+-------+-------+-------+-------+-------+-------+-------++-------
   Fire: Shortbow          |   100 |    39 |       |       |       |       |       ||   139
         Longbow           |       |     9 |       |       |       |       |       ||     9
         Hand cannon       |       |    80 |   196 |   452 |    58 |       |       ||   786
         Triple crossbow   |       |       |       |       |   683 |  1097 |   646 ||  2426
 Invoke: Heroism           |       |       |     7 |    20 |    31 |    30 |    15 ||   103
         Finesse           |       |       |       |     1 |     9 |     5 |     5 ||    20
    Use: Scroll            |     1 |     7 |     4 |    12 |     8 |     2 |     6 ||    40
         Potion            |       |     1 |     1 |     3 |     1 |     3 |     1 ||    10
 Armour: Leather armour    |    12 |       |    42 |   100 |       |       |       ||   154
         Ring mail         |    13 |    28 |    13 |       |       |       |       ||    54
         Robe              |       |       |    37 |    91 |   147 |   358 |   313 ||   946
  Dodge: Dodged            |    28 |    18 |    68 |   280 |   246 |   610 |   529 ||  1779
  Block: Other             |       |     9 |    31 |    80 |    70 |   121 |   107 ||   418
         Reflection        |       |       |     2 |     4 |     5 |    19 |    12 ||    42

Table legend:
 A = Non-vault XP
 B = Vault XP
 C = Vault XP percentage of total XP
 D = Non-vault monster count
 E = Vault monster count
 F = Vault count percentage of total count
                 A         B        C        D         E       F
            +---------+---------+-------+---------+---------+-------
      Total |  284064 |  181783 |  39.0 |     818 |     386 |  32.1
            +---------+---------+-------+---------+---------+-------
        D:1 |      68 |       0 |   0.0 |      33 |       0 |   0.0
        D:2 |      72 |       0 |   0.0 |      22 |       0 |   0.0
        D:3 |      73 |       2 |   2.7 |      11 |       1 |   8.3
        D:4 |     260 |      19 |   6.8 |      20 |       4 |  16.7
        D:5 |     657 |       0 |   0.0 |      19 |       0 |   0.0
        D:6 |    1070 |       0 |   0.0 |      16 |       0 |   0.0
        D:7 |     814 |       0 |   0.0 |      15 |       0 |   0.0
        D:8 |    1890 |     804 |  29.8 |      28 |       7 |  20.0
        D:9 |    1272 |     219 |  14.7 |      16 |       1 |   5.9
       D:10 |    3782 |    1211 |  24.3 |      28 |      40 |  58.8
       D:11 |    3727 |       0 |   0.0 |      13 |       0 |   0.0
       D:12 |    3511 |   10828 |  75.5 |      11 |      24 |  68.6
       D:13 |    2302 |    1851 |  44.6 |       6 |      10 |  62.5
       D:14 |    6507 |   12978 |  66.6 |      16 |      32 |  66.7
       D:15 |    4780 |    6955 |  59.3 |      16 |       9 |  36.0
     Lair:1 |    4466 |     777 |  14.8 |      20 |       1 |   4.8
     Lair:2 |    4535 |    2602 |  36.5 |      16 |       5 |  23.8
     Lair:3 |    8812 |    3607 |  29.0 |      35 |      12 |  25.5
     Lair:4 |   12682 |       0 |   0.0 |      26 |       0 |   0.0
     Lair:5 |   11110 |    6405 |  36.6 |      24 |      27 |  52.9
   Shoals:1 |    8856 |    5407 |  37.9 |      15 |       4 |  21.1
   Shoals:2 |    9123 |    4672 |  33.9 |      21 |       5 |  19.2
   Shoals:3 |   10098 |    4641 |  31.5 |      20 |       6 |  23.1
   Shoals:4 |   10174 |   30025 |  74.7 |      21 |      42 |  66.7
    Snake:1 |   24874 |    2280 |   8.4 |      46 |       4 |   8.0
    Snake:2 |    8118 |    2431 |  23.0 |      18 |       3 |  14.3
    Snake:3 |   25537 |    7075 |  21.7 |      54 |       7 |  11.5
    Snake:4 |   19062 |   25097 |  56.8 |      33 |      39 |  54.2
      Orc:1 |     890 |     122 |  12.1 |      11 |       9 |  45.0
      Orc:2 |    4784 |    6952 |  59.2 |      38 |      32 |  45.7
   Vaults:1 |   33202 |   20120 |  37.7 |      45 |      24 |  34.8
   Vaults:2 |   40436 |   21533 |  34.7 |      57 |      29 |  33.7
    Abyss:2 |   16520 |       0 |   0.0 |      48 |       0 |   0.0
   Gauntlet |       0 |    3170 | 100.0 |       0 |       9 | 100.0
            +---------+---------+-------+---------+---------+-------
